 Dungeon Crawl Stone Soup version 0.31-a0-675-g238779eb0a (console) character file.

Game seed: 18097513053510318014

263471 qw the Crack Shot (level 20, -4/144 HPs)
             Began as a Gargoyle Hunter on Sept 3, 2023.
             Was a High Priest of Okawaru.
             Slain by an eight-headed hydra (6 damage)
             ... on level 4 of the Swamp on Sept 4, 2023.
             The game lasted 00:54:06 (37624 turns).

qw the Crack Shot (Gargoyle Hunter)                Turns: 37624, Time: 00:54:06

Health: -4/144     AC: 35    Str: 16    XL:     20   Next: 42%
Magic:  36/36      EV: 35    Int: 12    God:    Okawaru [*****.]
Gold:   199        SH:  0    Dex: 29    Spells: 19/19 levels left

rFire   + + +        l - +2 hand cannon (heavy)
rCold   + + .        (no shield)
rNeg    + + +        w - +4 ring mail {rF+}
rPois   inf          m - -2 hat of the Alchemist {rElec rPois rF+ rC+ rN+ Will+ rMut rCorr}
rElec   +            c - +2 cloak
rCorr   +            i - +2 pair of gloves
SInv    .            o - +0 pair of boots of the Equator {Dex+4}
Will    ++...        (no amulet)
Stlth   +++          t - ring "Ossi" {rF+ EV+5 Slay+3}
HPRegen 0.44/turn    v - ring "Kowaloss" {rC+ rN+ MP+9 Dex+6}
MPRegen 0.25/turn

%: resist mutation
@: about to teleport, heroic, flying
A: sickness immunity, AC +15, big wings, negative energy resistance 1,
electricity resistance, torment resistance 1, petrification resistance
}: 1/15 runes: serpentine
a: Renounce Religion, Heroism, Finesse, Duel


You were on level 4 of the Swamp.
You worshipped Okawaru.
Okawaru was extremely pleased with you.
You visited 7 branches of the dungeon, and saw 35 of its levels.
You also visited: Sewer and Gauntlet.

You collected 3467 gold pieces.
You spent 3268 gold pieces at shops.


Innate Abilities, Weirdness & Mutations

You are immune to sickness and miasma.
Your stone body is resilient. (AC +15)
You are immune to poison.
Your large and strong wings let you fly.
You resist negative energy. (rN+)
You are resistant to electric shocks. (rElec)
You are resistant to unholy torment.
You are immune to petrification.


   Skills:
 - Level 21.2(26.2) Fighting
 - Level 22.0(27) Ranged Weapons
 - Level 13.0(18.0) Armour
 + Level 14.2(19.2) Dodging
 - Level 1.1(6.1) Stealth
 - Level 10.0 Invocations


You had 19 spell levels left.
You didn't know any spells.
Your spell library was empty.

Inventory:

Hand Weapons
 l - a +2 heavy hand cannon (weapon)
Armour
 c - a +2 cloak (worn)
 e - a +1 helmet
 i - a +2 pair of gloves (worn)
 m - the -2 hat of the Alchemist (worn) {rElec rPois rF+ rC+ rN+ Will+ rMut rCorr}
   (You found it in a Gauntlet)

   rF+:       It protects you from fire.
   rC+:       It protects you from cold.
   rElec:     It insulates you from electricity.
   rPois:     It protects you from poison rN+: It protects you from negative
   energy.
   Will+:     It increases your willpower.
   rCorr:     It protects you from acid and corrosion.
   rMut:      It protects you from mutation.
 o - the +0 pair of boots of the Equator (worn) {Dex+4}
   (You bought it in a shop on level 4 of the Vaults)

   Dex+4:     It affects your dexterity (+4).
 r - a +2 ring mail of cold resistance
 w - a +4 ring mail of fire resistance (worn)
Jewellery
 t - the ring "Ossi" (left hand) {rF+ EV+5 Slay+3}
   (You found it in a Gauntlet)

   [ring of evasion]

   EV+5:      It affects your evasion (+5).
   Slay+3:    It affects your accuracy & damage with ranged weapons and melee
   (+3).
   rF+:       It protects you from fire.
 v - the ring "Kowaloss" (right hand) {rC+ rN+ MP+9 Dex+6}
   (You found it on level 3 of the Snake Pit)

   [ring of dexterity]

   Dex+6:     It affects your dexterity (+6).
   rC+:       It protects you from cold.
   rN+:       It protects you from negative energy.
   MP+9:      It affects your magic capacity (+9).
Scrolls
 b - 22 scrolls of identify
 d - 3 scrolls of brand weapon
 n - 6 scrolls of teleportation
 u - a scroll of enchant armour
Potions
 a - 8 potions of mutation
 f - 29 potions of curing
 g - 5 potions of haste
 h - 3 potions of might
 j - 5 potions of resistance
 k - 3 potions of magic
 p - 10 potions of enlightenment
 q - 5 potions of cancellation

Dungeon Overview and Level Annotations

Branches:
Dungeon (15/15)            Temple (1/1) D:7            Lair (5/5) D:8
  Swamp (4/4) Lair:2        Snake (4/4) Lair:2        Slime (0/5) Lair:4
    Orc (2/2) D:11            Elf (0/3) Orc:2        Vaults (4/5) D:13
  Crypt (0/3) Vaults:3     Depths (0/4) D:15          Sewer (visited)
Gauntlet (visited)

Altars:
Ashenzari
Cheibriados
Dithmenos
Elyvilon
Fedhas
Gozag
Hepliaklqana
Kikubaaqudgha
Makhleb
Nemelex Xobeh
Okawaru
Qazlal
Ru
Sif Muna
Trog
Uskayaw
Vehumet
Wu Jian
Xom
Yredelemnul
Zin
The Shining One
Jiyva

Shops:
D:1 [   D:3 ?   D:5 ::*(   D:12 (   Orc:1 ?   Orc:2 [!(([   Snake:3 ([
Vaults:1 !!=   Vaults:2 :=**!   Vaults:3 *   Vaults:4 [

Portals:
Trove: D:13 (give 2 scrolls of acquirement)

Annotations:
Lair:1 1 runed translucent door, acrobat2's ghost, journeyman HuSh
Lair:2 1 runed translucent door
Swamp:3 1 runed translucent door, qwqw's ghost, adept DsBe
Snake:1 2 transporters, Aizul
Snake:2 3 runed translucent doors, Louise; qwqw's ghost, adept DsBe
Snake:3 1 runed translucent door, qwqw's ghost, adept DsFi


Message History

37620 ||| Stepping ~*~*~tactically~*~*~ (retreating).
You shoot a bolt. The bolt hits the water nymph!
The water nymph is moderately wounded.
The swamp worm completely misses you.
The water nymph gestures at you while chanting.
The water rises up and strikes you. The water nymph closely misses you.
The swamp worm bites you but does no damage.
You shoot a bolt. The bolt hits the water nymph!!!
You kill the water nymph!
Okawaru accepts your kill.
Your surroundings suddenly seem different.
An eight-headed hydra, a swamp dragon and a six-headed hydra come into view.
The six-headed hydra barely misses you.
The six-headed hydra closely misses you.
The six-headed hydra completely misses you.
The six-headed hydra bites you! The six-headed hydra barely misses you.
The six-headed hydra completely misses you.
37623 ||| READING 7 scrolls of teleportation.
As you read the scroll of teleportation, it crumbles to dust.
You feel strangely unstable.
The six-headed hydra completely misses you.
The six-headed hydra misses you. x2
The six-headed hydra completely misses you.
The six-headed hydra closely misses you.
The six-headed hydra misses you.
You shoot a bolt. The bolt hits the six-headed hydra!!!
The six-headed hydra is almost dead.
You hear a deafening roar!
You hear a roar!
The six-headed hydra bites you but does no damage.
The six-headed hydra barely misses you.
The six-headed hydra completely misses you.
The six-headed hydra closely misses you.
The six-headed hydra completely misses you.
The six-headed hydra misses you.
The eight-headed hydra closely misses you.
The eight-headed hydra completely misses you. x2
The eight-headed hydra closely misses you. x2
The eight-headed hydra completely misses you. x2
The eight-headed hydra bites you.
You die...

.~~.7.777.......¤~~.
~~~~.....~.%%%~.~¤.~
~~¤ ¤~~.~~~...~~.7~.
¤~ ~~¤~~~~~~(~~~~7 ~
~~~~~.¤7~~77$.7
~~~~~..777777.77
~~~~~¤~ 77..~~77
~.~~~~ 77~D~~..7 .~~
7~.@7 ~. 7.~D7 7~..D
..~..7. ~7#7¤...# #
###. # . ..


You could see an eight-headed hydra, a six-headed hydra and a swamp dragon
(wandering).

Vanquished Creatures
  Margery (Vaults:3)
  Vashnia (Snake:4)
  Rupert (D:15)
  Jorgrun (D:15)
  Asterion (Snake:1)
  A sphinx (Vaults:4)
  Donald (Snake:4)
  Agnes (D:14)
  Roxanne (D:14)
  Kirke (Snake:2)
  A storm dragon (Vaults:4)
  A shadow dragon (Vaults:3)
  9 nagarajas
  A fenstrider witch (Swamp:1)
  2 orc warlords (Orc:1)
  8 vault wardens
  9 ironbound preservers
  A ghoul (Swamp:3)
  2 stone giants
  5 ironbound thunderhulks
  3 war gargoyles (Vaults:4)
  Azrael (D:14)
  2 deep elf annihilators
  A minotaur (Gauntlet)
  5 bunyips
  9 dire elephants
  2 crystal guardians (Vaults:3)
  An ettin (D:15)
  2 entropy weavers
  A fire dragon (Lair:5)
  Josephine (D:15)
  3 great orbs of eyes
  8 yaktaur captains
  Fannar (D:10)
  12 hydras
  A vault guard (Vaults:3)
  3 peacekeepers
  3 salamander tyrants
  4 catoblepae
  6 alligators
  A ghost crab (Swamp:3)
  5 ogre magi
  9 ironbound frosthearts
  14 anacondas
  2 dancing weapons (D:13)
  8 centaur warriors
  4 boulder beetles
  4 tengu warriors
  17 two-headed ogres
  9 naga sharpshooters
  18 naga warriors
  Urug (D:10)
  3 death yaks (D:8)
  5 shock serpents
  An orc high priest (Orc:1)
  4 hell knights (Vaults:3)
  8 spriggans
  Amaemon (Lair:2)
  Sonja (Lair:4)
  4 skysharks
  4 salamander mystics
  7 goliath frogs
  2 glowing orange brains
  3 spriggan druids
  23 deep trolls
  9 naga ritualists
  11 lindwurms
  An orc knight (D:15)
  3 bog bodies
  3 necromancers
  A phantasmal warrior (Vaults:3)
  6 swamp dragons
  12 ironbound convokers
  4 wizards
  4 will-o-the-wisps
  4 ugly things
  5 manticores
  3 orc sorcerers
  7 cyclopes
  12 mana vipers
  An oklob plant (Gauntlet)
  14 salamanders
  30 black mambas
  Joseph (D:7)
  10 guardian serpents
  35 slime creatures
  A water nymph (Swamp:4)
  An orange demon (Lair:2)
  14 cane toads
  An elf skeleton (Vaults:4)
  2 gargoyles
  12 vault sentinels
  16 naga magi
  9 rime drakes
  10 komodo dragons
  A human zombie (Vaults:4)
  A yaktaur zombie (Vaults:4)
  12 yaktaurs
  A tengu conjurer (D:14)
  3 trolls
  3 meliai (D:13)
  8 tyrant leeches
  Grinder (D:5)
  A bloated husk (Swamp:1)
  A meliai (shapeshifter) (D:15)
  7 hornets
  A raiju (shapeshifter) (D:15)
  19 blink frogs
  4 dream sheep (Lair:5)
  A polar bear (Lair:5)
  An elf zombie (Vaults:4)
  12 flying skulls (Gauntlet)
  3 wyverns
  4 wraiths (D:15)
  3 water elementals
  57 yaks
  2 shadows
  4 fire elementals (D:14)
  2 humans (Snake:2)
  4 hogs (Snake:2)
  13 basilisks
  2 redbacks (Vaults:2)
  8 vampire mosquitoes
  A steam dragon (Lair:5)
  12 swamp worms
  4 wargs (Orc:1)
  A glowing shapeshifter zombie (Vaults:4)
  51 nagas
  14 water moccasins
  5 acid dragons
  A hell hound (D:14)
  4 swamp drakes
  An ice beast (D:6)
  Pargi (Sewer)
  20 orc warriors
  A sky beast (D:8)
  35 ogres
  A black bear (D:4)
  17 wolves
  5 centaurs
  3 kobold brigands
  7 bullfrogs
  2 gnoll sergeants
  3 scorpions
  A necrophage (Swamp:3)
  10 wights (D:8)
  10 killer bees
  5 howler monkeys
  5 electric eels (D:13)
  6 hounds
  9 jellies
  13 orc priests
  A gnoll bouda (D:9)
  Jessica (D:2)
  5 iguanas
  Natasha (twice) (D:4)
  17 orc wizards
  8 adders
  17 gnolls
  A river rat (D:8)
  A white imp (D:8)
  4 dart slugs
  A worm (D:2)
  88 orcs
  5 ball pythons
  9 bats
  4 endoplasms
  3 giant cockroaches
  4 goblins
  8 hobgoblins
  15 jackals
  8 quokkas
  8 frilled lizards
  22 kobolds
  12 rats
1189 creatures vanquished.

Vanquished Creatures (others)
  A fire giant (Vaults:3)
  A naga mage (Snake:4)
  A yak (Lair:4)
  27 foxfires
30 creatures vanquished.

Grand Total: 1219 creatures vanquished

Notes
Turn   | Place    | Note
-------+----------+-------------------------------------------
     0 | D:1      | qw the Gargoyle Hunter began the quest for the Orb.
     0 | D:1      | Reached XP level 1. HP: 12/12 MP: 1/1
     0 | D:1      | 0 ||| qw: Version: 0.3-a-75-g5245507
     0 | D:1      | 0 ||| qw: Game counter: 27
     0 | D:1      | 0 ||| qw: Melee chars always use a shield: true
     0 | D:1      | 0 ||| qw: God list: Okawaru
     0 | D:1      | 0 ||| qw: Allow faded altars: false
     0 | D:1      | 0 ||| qw: Do Orc after clearing Dungeon:15 true
     0 | D:1      | 0 ||| qw: Do second Lair branch before Depths: true
     0 | D:1      | 0 ||| qw: Lair rune preference: random
     0 | D:1      | 0 ||| qw: Goals: Normal
     0 | D:1      | 0 ||| PLANNING D:1-11
   136 | D:1      | Reached XP level 2. HP: 17/17 MP: 2/2
   158 | D:1      | You fall into a shaft and drop 1 floor!
   213 | D:2      | HP: 2/17 [worm (5)]
   307 | D:2      | 307 ||| Stepping ~*~*~tactically~*~*~ (retreating).
   309 | D:2      | Reached XP level 3. HP: 21/21 MP: 3/3
   312 | D:2      | Reached skill level 5 in Ranged Weapons
   367 | D:2      | 367 ||| UPGRADING to +0 helmet.
   372 | D:2      | 372 ||| UPGRADING to amulet of guardian spirit.
   377 | D:2      | 377 ||| READING scroll labelled EKUOROPSUN.
   378 | D:2      | 378 ||| READING scroll labelled UMENIG BUEDA.
   379 | D:2      | 379 ||| DRINKING 2 sedimented emerald potions.
   380 | D:2      | 380 ||| DROPPING scroll of butterflies.
   399 | D:1      | Reached skill level 3 in Fighting
   417 | D:1      | Reached XP level 4. HP: 28/28 MP: 4/4
   426 | D:1      | Found Koguuxko's Armour Shop.
   433 | D:1      | 433 ||| SHOPLISTING +2 hat (176 gold, have 28).
   433 | D:1      | 433 ||| SHOPLISTING +2 robe of cold resistance (194 gold,
                  | have 28).
   863 | D:1      | 863 ||| UPGRADING to +0 pair of gloves.
   868 | D:1      | 868 ||| DROPPING ring of magical power.
   869 | D:1      | 869 ||| READING scroll labelled AGGOXZ WIOGUDD.
   870 | D:1      | 870 ||| READING scroll labelled DONLOPT FOGO.
  1124 | D:2      | Noticed Jessica
  1126 | D:2      | Killed Jessica
  1127 | D:2      | Reached skill level 1 in Armour
  1127 | D:2      | Reached XP level 5. HP: 32/32 MP: 5/5
  1424 | D:3      | Found a hide-covered altar of Uskayaw.
  1427 | D:3      | Found an ancient bone altar of Kikubaaqudgha.
  1474 | D:3      | Found Piaptibb's Magic Scroll Emporium.
  1485 | D:3      | 1485 ||| BUYING scroll of identify (20 gold).
  1485 | D:3      | Bought a scroll of identify for 20 gold pieces
  1485 | D:3      | 1485 ||| BUYING scroll of identify (20 gold).
  1485 | D:3      | Bought a scroll of identify for 20 gold pieces
  1485 | D:3      | 1485 ||| BUYING scroll of teleportation (30 gold).
  1485 | D:3      | Bought a scroll of teleportation for 30 gold pieces
  1485 | D:3      | 1485 ||| SHOPLISTING scroll of teleportation (30 gold, have
                  | 17).
  1546 | D:3      | Found a faded altar of an unknown god.
  1713 | D:3      | Found a shadowy altar of Dithmenos.
  1779 | D:3      | Found a shimmering blue altar of Sif Muna.
  1959 | D:3      | 1959 ||| UPGRADING to +6 ring of dexterity.
  1960 | D:3      | 1960 ||| READING scroll labelled IQAMAVOGIA.
  1961 | D:3      | 1961 ||| READING scroll labelled ZYTUGH KEIBI.
  1962 | D:3      | 1962 ||| READING scroll labelled TUMMYCV DEDIUTURI.
  1962 | D:3      | Identified a scroll of acquirement
  1962 | D:3      | 1962 ||| ACQUIRING +12 longbow of Silaly {antimagic,
                  | Fragile rF+ Will- Str+6}
  1962 | D:3      | Acquired the +12 longbow of Silaly {antimagic, Fragile rF+
                  | Will- Str+6}
  1964 | D:3      | 1964 ||| SWAPPING to +12 longbow of Silaly {antimagic,
                  | Fragile rF+ Will- Str+6}.
  1965 | D:3      | 1965 ||| DROPPING +1 shortbow of flaming.
  1966 | D:3      | 1966 ||| DRINKING 2 lumpy red potions.
  1967 | D:3      | 1967 ||| READING 4 scrolls of identify.
  1967 | D:3      | 1967 ||| IDENTIFYING fuming clear potion
  1968 | D:3      | 1968 ||| READING 3 scrolls of identify.
  1968 | D:3      | 1968 ||| IDENTIFYING inky potion
  1984 | D:4      | 1984 ||| PLANNING SEWER
  2117 | D:4      | Noticed Natasha
  2118 | D:4      | Killed Natasha
  2119 | D:4      | Reached skill level 6 in Ranged Weapons
  2136 | D:4      | Noticed a black bear
  2137 | D:4      | Killed a black bear
  2138 | D:4      | Reached XP level 6. HP: 37/37 MP: 2/6
  2263 | D:4      | Found a glowing drain.
  2264 | D:4      | 2264 ||| READING scroll labelled RAD IW YFASM.
  2274 | Sewer    | Entered a sewer
  2281 | Sewer    | 2281 ||| Stepping ~*~*~tactically~*~*~ (water).
  2299 | Sewer    | 2299 ||| Stepping ~*~*~tactically~*~*~ (water).
  2308 | Sewer    | 2308 ||| Stepping ~*~*~tactically~*~*~ (water).
  2350 | Sewer    | Noticed Pargi
  2353 | Sewer    | Killed Pargi
  2354 | Sewer    | Reached XP level 7. HP: 44/44 MP: 2/7
  2386 | Sewer    | 2386 ||| READING scroll labelled HUORUCR ZOUSA.
  2387 | Sewer    | 2387 ||| READING scroll labelled ETAECI LOSHRI.
  2388 | Sewer    | 2388 ||| DRINKING 2 fuming yellow potions.
  2389 | Sewer    | 2389 ||| READING 3 scrolls of identify.
  2389 | Sewer    | 2389 ||| IDENTIFYING cyan potion
  2394 | D:4      | 2394 ||| PLANNING D:1-11
  2410 | D:4      | 2410 ||| STAIRDANCE
  2674 | D:4      | Noticed Natasha
  2675 | D:4      | Killed Natasha
  2820 | D:4      | 2820 ||| READING scroll of enchant armour.
  2820 | D:4      | 2820 ||| ENCHANTING +0 pair of gloves.
  2924 | D:4      | Found a bloodstained altar of Trog.
  2939 | D:4      | Found a white marble altar of Elyvilon.
  3035 | D:4      | 3035 ||| READING 2 scrolls labelled FAGELU JODER.
  3036 | D:4      | 3036 ||| DROPPING scroll of poison.
  3045 | D:5      | Entered Level 5 of the Dungeon
  3094 | D:5      | Reached skill level 7 in Ranged Weapons
  3130 | D:5      | Found Reonus's General Store.
  3140 | D:5      | 3140 ||| BUYING +0 pair of boots (58 gold).
  3140 | D:5      | Bought a +0 pair of boots for 58 gold pieces
  3210 | D:5      | Noticed Grinder
  3218 | D:5      | Killed Grinder
  3219 | D:5      | Reached skill level 8 in Ranged Weapons
  3219 | D:5      | Reached XP level 8. HP: 47/48 MP: 2/8
  3295 | D:5      | Found Wepparuc's Tiny Tomes.
  3518 | D:5      | Found Elut's Weapon Emporium.
  3635 | D:5      | Found Nostruati's Book Shoppe.
  3680 | D:5      | 3680 ||| UPGRADING to +0 ring mail.
  3690 | D:5      | 3690 ||| DROPPING +0 leather armour.
  3691 | D:5      | 3691 ||| UPGRADING to +0 pair of boots.
  3696 | D:5      | 3696 ||| UPGRADING to +6 ring of strength.
  3697 | D:5      | 3697 ||| READING scroll labelled ORUWKU WAFFOGH.
  3698 | D:5      | 3698 ||| READING 4 scrolls of identify.
  3698 | D:5      | 3698 ||| IDENTIFYING clear potion
  3699 | D:5      | 3699 ||| READING 3 scrolls of identify.
  3699 | D:5      | 3699 ||| IDENTIFYING blue potion
  3700 | D:5      | 3700 ||| DROPPING potion of degeneration.
  3701 | D:5      | 3701 ||| DROPPING potion of attraction.
  4111 | D:6      | Reached skill level 9 in Ranged Weapons
  4148 | D:6      | Reached skill level 3 in Dodging
  4167 | D:6      | Reached skill level 3 in Armour
  4280 | D:6      | 4280 ||| READING 3 scrolls of identify.
  4280 | D:6      | 4280 ||| IDENTIFYING coppery potion
  4281 | D:6      | 4281 ||| DROPPING potion of brilliance.
  4291 | D:7      | Identified the +2 robe "Dixyu" {Slay+2}
  4301 | D:7      | Reached skill level 6 in Fighting
  4305 | D:7      | Reached XP level 9. HP: 56/56 MP: 3/9
  4314 | D:7      | Reached skill level 10 in Ranged Weapons
  4371 | D:7      | Noticed Joseph
  4379 | D:7      | Killed Joseph
  4513 | D:7      | Found an ornate altar of the Wu Jian Council.
  4793 | D:7      | Found a staircase to the Ecumenical Temple.
  4794 | D:7      | 4794 ||| PLANNING TEMPLE
  4824 | D:7      | 4824 ||| UPGRADING to +2 robe "Dixyu" {Slay+2}.
  4834 | D:7      | 4834 ||| DROPPING +0 ring mail.
  4835 | D:7      | 4835 ||| READING scroll labelled CUUDUO KIUSS.
  4872 | D:7      | 4872 ||| READING 2 scrolls of identify.
  4872 | D:7      | 4872 ||| IDENTIFYING sedimented black potion
  4879 | Temple   | Entered the Ecumenical Temple
  4880 | Temple   | 4880 ||| PLANNING OKAWARU WORSHIP
  4890 | Temple   | Became a worshipper of Warmaster Okawaru
  4891 | Temple   | 4891 ||| PLANNING D:1-11
  4891 | Temple   | 4891 ||| REMOVING amulet of guardian spirit.
  4896 | Temple   | 4896 ||| DROPPING amulet of guardian spirit.
  4959 | D:7      | 4959 ||| UPGRADING to +0 orcbow.
  5014 | D:7      | 5014 ||| READING scroll of brand weapon.
  5014 | D:7      | 5014 ||| BRANDING +0 orcbow.
  5015 | D:7      | 5015 ||| READING 7 scrolls of enchant weapon.
  5015 | D:7      | 5015 ||| ENCHANTING +0 orcbow of flaming.
  5016 | D:7      | 5016 ||| READING 6 scrolls of enchant weapon.
  5016 | D:7      | 5016 ||| ENCHANTING +1 orcbow of flaming.
  5017 | D:7      | 5017 ||| READING 5 scrolls of enchant weapon.
  5017 | D:7      | 5017 ||| ENCHANTING +2 orcbow of flaming.
  5018 | D:7      | 5018 ||| READING 4 scrolls of enchant weapon.
  5018 | D:7      | 5018 ||| ENCHANTING +3 orcbow of flaming.
  5019 | D:7      | 5019 ||| READING 3 scrolls of enchant weapon.
  5019 | D:7      | 5019 ||| ENCHANTING +4 orcbow of flaming.
  5020 | D:7      | 5020 ||| READING 2 scrolls of enchant weapon.
  5020 | D:7      | 5020 ||| ENCHANTING +5 orcbow of flaming.
  5021 | D:7      | 5021 ||| READING scroll of enchant weapon.
  5021 | D:7      | 5021 ||| ENCHANTING +6 orcbow of flaming.
  5095 | D:7      | 5095 ||| READING 2 scrolls of identify.
  5095 | D:7      | 5095 ||| IDENTIFYING grey potion
  5096 | D:7      | 5096 ||| DROPPING potion of ambrosia.
  5174 | D:8      | Noticed a death yak
  5179 | D:8      | Found a staircase to the Lair.
  5179 | D:8      | Noticed a death yak
  5179 | D:8      | Noticed a death yak
  5180 | D:8      | 5180 ||| Stepping ~*~*~tactically~*~*~ (retreating).
  5183 | D:8      | 5183 ||| Stepping ~*~*~tactically~*~*~ (retreating).
  5184 | D:8      | 5184 ||| Stepping ~*~*~tactically~*~*~ (retreating).
  5185 | D:8      | 5185 ||| Stepping ~*~*~tactically~*~*~ (retreating).
  5186 | D:8      | 5186 ||| Stepping ~*~*~tactically~*~*~ (retreating).
  5189 | D:8      | Killed a death yak
  5189 | D:8      | Reached * piety under Okawaru
  5190 | D:8      | Reached skill level 11 in Ranged Weapons
  5190 | D:8      | Reached XP level 10. HP: 42/64 MP: 10/10
  5190 | D:8      | 5190 ||| INVOKING Heroism.
  5198 | D:8      | Reached skill level 1 in Invocations
  5204 | D:8      | 5204 ||| INVOKING Heroism.
  5205 | D:8      | Killed a death yak
  5206 | D:8      | Reached skill level 12 in Ranged Weapons
  5217 | D:8      | 5217 ||| INVOKING Heroism.
  5220 | D:8      | Killed a death yak
  5380 | D:8      | Reached skill level 3 in Invocations
  5408 | D:8      | Identified the +8 hand axe of Leuvish {freeze, Fly Int+2}
  5422 | D:8      | 5422 ||| INVOKING Heroism.
  5484 | D:8      | 5484 ||| FLEEEEING.
  5485 | D:8      | 5485 ||| FLEEEEING.
  5486 | D:8      | 5486 ||| FLEEEEING.
  5487 | D:8      | 5487 ||| FLEEEEING.
  5488 | D:8      | 5488 ||| FLEEEEING.
  5489 | D:8      | 5489 ||| FLEEEEING.
  5490 | D:8      | 5490 ||| FLEEEEING.
  5525 | D:8      | 5525 ||| Stepping ~*~*~tactically~*~*~ (outnumbered).
  5527 | D:8      | 5527 ||| Stepping ~*~*~tactically~*~*~ (outnumbered).
  5529 | D:8      | 5529 ||| Stepping ~*~*~tactically~*~*~ (outnumbered).
  5666 | D:8      | 5666 ||| PLANNING LAIR
  5708 | Lair:1   | Entered Level 1 of the Lair of Beasts
  5867 | Lair:1   | Found a runed translucent door.
  5867 | Lair:1   | Found a shimmering altar of Xom.
  5867 | Lair:1   | Noticed a +2 rapier of chaos
  5867 | Lair:1   | Noticed acrobat2's ghost (journeyman HuSh)
  5889 | Lair:1   | Reached ** piety under Okawaru
  5909 | Lair:1   | Noticed a black mamba
  5911 | Lair:1   | 5911 ||| RETREATING.
  5916 | Lair:1   | 5916 ||| INVOKING Heroism.
  5919 | Lair:1   | Killed a black mamba
  5920 | Lair:1   | Reached skill level 13 in Ranged Weapons
  5922 | Lair:1   | Reached XP level 11. HP: 68/68 MP: 11/14
  5939 | Lair:1   | 5939 ||| INVOKING Heroism.
  6016 | Lair:1   | Reached skill level 9 in Fighting
  6055 | Lair:1   | 6055 ||| RETREATING.
  6064 | Lair:1   | Reached *** piety under Okawaru
  6106 | Lair:1   | 6106 ||| INVOKING Heroism.
  6285 | Lair:1   | 6285 ||| INVOKING Heroism.
  6389 | Lair:1   | 6389 ||| INVOKING Heroism.
  6419 | Lair:1   | Reached skill level 14 in Ranged Weapons
  6612 | Lair:1   | 6612 ||| DRINKING 2 bubbling purple potions.
  6656 | Lair:1   | 6656 ||| DROPPING potion of lignification.
  6696 | Lair:2   | Found a staircase to the Swamp.
  6751 | Lair:2   | Found a staircase to the Snake Pit.
  6752 | Lair:2   | 6752 ||| INVOKING Heroism.
  6754 | Lair:2   | 6754 ||| RETREATING.
  6785 | Lair:2   | Noticed Amaemon
  6786 | Lair:2   | 6786 ||| INVOKING Heroism.
  6790 | Lair:2   | 6790 ||| RETREATING.
  6795 | Lair:2   | 6795 ||| Stepping ~*~*~tactically~*~*~ (retreating).
  6796 | Lair:2   | 6796 ||| Stepping ~*~*~tactically~*~*~ (retreating).
  6797 | Lair:2   | Killed Amaemon
  6798 | Lair:2   | Reached skill level 6 in Dodging
  6855 | Lair:2   | 6855 ||| INVOKING Heroism.
  6914 | Lair:2   | Noticed a five-headed hydra
  6915 | Lair:2   | 6915 ||| RETREATING.
  6926 | Lair:2   | 6926 ||| INVOKING Heroism.
  6929 | Lair:2   | Killed a five-headed hydra
  6930 | Lair:2   | Noticed a seven-headed hydra
  6935 | Lair:2   | Killed a seven-headed hydra
  6935 | Lair:2   | Reached **** piety under Okawaru
  6987 | Lair:2   | Noticed a dire elephant
  6987 | Lair:2   | Noticed a dire elephant
  7007 | Lair:2   | Found a runed translucent door.
  7105 | Lair:2   | Identified the +4 war axe "Hydrabane" {drain, Dex+4}
  7360 | Lair:2   | 7360 ||| INVOKING Heroism.
  7363 | Lair:2   | Reached XP level 12. HP: 77/77 MP: 12/15
  7585 | Lair:2   | 7585 ||| READING scroll labelled XEOSEUL EHEZXE.
  7586 | Lair:2   | 7586 ||| READING scroll labelled VURIRU UMUHE.
  7631 | Lair:3   | Noticed a catoblepas
  7631 | Lair:3   | Noticed a catoblepas
  7632 | Lair:3   | 7632 ||| INVOKING Heroism.
  7635 | Lair:3   | 7635 ||| RETREATING.
  7638 | Lair:3   | 7638 ||| Stepping ~*~*~tactically~*~*~ (retreating).
  7639 | Lair:3   | 7639 ||| Stepping ~*~*~tactically~*~*~ (retreating).
  7645 | Lair:3   | Killed a catoblepas
  7658 | Lair:3   | Killed a catoblepas
  7659 | Lair:3   | Reached skill level 6 in Invocations
  7660 | Lair:3   | 7660 ||| INVOKING Heroism.
  7839 | Lair:3   | Reached skill level 15 in Ranged Weapons
  7850 | Lair:3   | Noticed a skyshark
  7851 | Lair:3   | 7851 ||| RETREATING.
  7863 | Lair:3   | Killed a skyshark
  7955 | Lair:3   | 7955 ||| READING scroll of brand weapon.
  7955 | Lair:3   | 7955 ||| BRANDING +7 orcbow of flaming.
  7966 | Lair:3   | 7966 ||| INVOKING Heroism.
  7970 | Lair:3   | Noticed a skyshark
  7978 | Lair:3   | Killed a skyshark
  7992 | Lair:3   | 7992 ||| RETREATING.
  8001 | Lair:3   | 8001 ||| RETREATING.
  8030 | Lair:3   | Noticed a skyshark
  8041 | Lair:3   | Killed a skyshark
  8063 | Lair:3   | Identified the +0 ring mail of Vehumet's Displeasure {Fly
                  | rF+ rC++}
  8161 | Lair:3   | Reached ***** piety under Okawaru
  8358 | Lair:3   | Received a gift from Okawaru
  8814 | Lair:3   | 8814 ||| UPGRADING to +0 ring mail of Vehumet's Displeasure
                  | {Fly rF+ rC++}.
  8824 | Lair:3   | 8824 ||| UPGRADING to +4 ring of protection.
  8826 | Lair:3   | 8826 ||| DROPPING +6 ring of strength.
  8827 | Lair:3   | 8827 ||| READING 2 scrolls of identify.
  8827 | Lair:3   | 8827 ||| IDENTIFYING fizzy yellow potion
  8888 | Lair:4   | 8888 ||| RETREATING.
  8906 | Lair:4   | 8906 ||| Stepping ~*~*~tactically~*~*~ (retreating).
  8912 | Lair:4   | 8912 ||| Stepping ~*~*~tactically~*~*~ (retreating).
  8967 | Lair:4   | 8967 ||| READING scroll of brand weapon.
  8967 | Lair:4   | 8967 ||| BRANDING +7 orcbow of draining.
  8968 | Lair:4   | 8968 ||| DROPPING +1 heavy arbalest.
  8984 | Lair:4   | Noticed Sonja
  8985 | Lair:4   | 8985 ||| RETREATING.
  8986 | Lair:4   | 8986 ||| INVOKING Heroism.
  8988 | Lair:4   | 8988 ||| INVOKING Finesse.
  9008 | Lair:4   | Killed Sonja
  9009 | Lair:4   | Reached skill level 9 in Invocations
  9060 | Lair:4   | 9060 ||| INVOKING Heroism.
  9089 | Lair:4   | 9089 ||| RETREATING.
  9093 | Lair:4   | Noticed a catoblepas
  9099 | Lair:4   | 9099 ||| RETREATING.
  9102 | Lair:4   | 9102 ||| Stepping ~*~*~tactically~*~*~ (retreating).
  9103 | Lair:4   | 9103 ||| Stepping ~*~*~tactically~*~*~ (retreating).
  9104 | Lair:4   | 9104 ||| INVOKING Heroism.
  9105 | Lair:4   | 9105 ||| Stepping ~*~*~tactically~*~*~ (retreating).
  9106 | Lair:4   | 9106 ||| Stepping ~*~*~tactically~*~*~ (retreating).
  9107 | Lair:4   | 9107 ||| Stepping ~*~*~tactically~*~*~ (retreating).
  9108 | Lair:4   | 9108 ||| Stepping ~*~*~tactically~*~*~ (retreating).
  9110 | Lair:4   | Reached XP level 13. HP: 78/82 MP: 17/19
  9189 | Lair:4   | 9189 ||| INVOKING Heroism.
  9211 | Lair:4   | 9211 ||| INVOKING Heroism.
  9216 | Lair:4   | 9216 ||| Stepping ~*~*~tactically~*~*~ (retreating).
  9288 | Lair:4   | Found a staircase to the Slime Pits.
  9300 | Lair:4   | 9300 ||| INVOKING Heroism.
  9321 | Lair:4   | Reached skill level 6 in Armour
  9324 | Lair:4   | 9324 ||| INVOKING Heroism.
  9408 | Lair:4   | Found a viscous altar of Jiyva.
  9939 | Lair:5   | Entered Level 5 of the Lair of Beasts
  9940 | Lair:5   | 9940 ||| RETREATING.
  9942 | Lair:5   | 9942 ||| Stepping ~*~*~tactically~*~*~ (retreating).
  9943 | Lair:5   | 9943 ||| Stepping ~*~*~tactically~*~*~ (retreating).
  9944 | Lair:5   | 9944 ||| Stepping ~*~*~tactically~*~*~ (retreating).
  9945 | Lair:5   | 9945 ||| Stepping ~*~*~tactically~*~*~ (retreating).
  9946 | Lair:5   | 9946 ||| Stepping ~*~*~tactically~*~*~ (retreating).
  9947 | Lair:5   | 9947 ||| Stepping ~*~*~tactically~*~*~ (retreating).
  9948 | Lair:5   | 9948 ||| Stepping ~*~*~tactically~*~*~ (retreating).
  9949 | Lair:5   | 9949 ||| Stepping ~*~*~tactically~*~*~ (retreating).
  9950 | Lair:5   | 9950 ||| Stepping ~*~*~tactically~*~*~ (retreating).
  9951 | Lair:5   | 9951 ||| Stepping ~*~*~tactically~*~*~ (retreating).
  9952 | Lair:5   | 9952 ||| Stepping ~*~*~tactically~*~*~ (retreating).
  9953 | Lair:5   | 9953 ||| Stepping ~*~*~tactically~*~*~ (retreating).
  9954 | Lair:5   | 9954 ||| INVOKING Heroism.
  9957 | Lair:5   | 9957 ||| Stepping ~*~*~tactically~*~*~ (retreating).
  9958 | Lair:5   | 9958 ||| Stepping ~*~*~tactically~*~*~ (retreating).
  9973 | Lair:5   | Reached skill level 16 in Ranged Weapons
  9979 | Lair:5   | HP: 18/83 [four-headed hydra (6)]
  9980 | Lair:5   | 9980 ||| READING 8 scrolls of teleportation.
  9981 | Lair:5   | 9981 ||| DRINKING 5 potions of heal wounds.
  9984 | Lair:5   | 9984 ||| RETREATING.
  9986 | Lair:5   | 9986 ||| Stepping ~*~*~tactically~*~*~ (retreating).
  9987 | Lair:5   | 9987 ||| Stepping ~*~*~tactically~*~*~ (retreating).
  9988 | Lair:5   | 9988 ||| Stepping ~*~*~tactically~*~*~ (retreating).
  9989 | Lair:5   | 9989 ||| Stepping ~*~*~tactically~*~*~ (retreating).
 10001 | Lair:5   | 10001 ||| INVOKING Heroism.
 10087 | Lair:5   | 10087 ||| FLEEEEING.
 10088 | Lair:5   | 10088 ||| FLEEEEING.
 10093 | Lair:5   | 10093 ||| INVOKING Heroism.
 10094 | Lair:5   | 10094 ||| Stepping ~*~*~tactically~*~*~ (retreating).
 10096 | Lair:5   | 10096 ||| Stepping ~*~*~tactically~*~*~ (retreating).
 10097 | Lair:5   | 10097 ||| Stepping ~*~*~tactically~*~*~ (retreating).
 10098 | Lair:5   | 10098 ||| Stepping ~*~*~tactically~*~*~ (retreating).
 10099 | Lair:5   | 10099 ||| Stepping ~*~*~tactically~*~*~ (retreating).
 10100 | Lair:5   | 10100 ||| Stepping ~*~*~tactically~*~*~ (retreating).
 10101 | Lair:5   | 10101 ||| Stepping ~*~*~tactically~*~*~ (retreating).
 10102 | Lair:5   | 10102 ||| Stepping ~*~*~tactically~*~*~ (retreating).
 10105 | Lair:5   | 10105 ||| Stepping ~*~*~tactically~*~*~ (retreating).
 10106 | Lair:5   | 10106 ||| Stepping ~*~*~tactically~*~*~ (retreating).
 10107 | Lair:5   | 10107 ||| Stepping ~*~*~tactically~*~*~ (retreating).
 10108 | Lair:5   | 10108 ||| Stepping ~*~*~tactically~*~*~ (retreating).
 10109 | Lair:5   | 10109 ||| Stepping ~*~*~tactically~*~*~ (retreating).
 10110 | Lair:5   | 10110 ||| Stepping ~*~*~tactically~*~*~ (retreating).
 10111 | Lair:5   | 10111 ||| Stepping ~*~*~tactically~*~*~ (retreating).
 10114 | Lair:5   | 10114 ||| Stepping ~*~*~tactically~*~*~ (retreating).
 10115 | Lair:5   | 10115 ||| Stepping ~*~*~tactically~*~*~ (retreating).
 10116 | Lair:5   | 10116 ||| Stepping ~*~*~tactically~*~*~ (retreating).
 10117 | Lair:5   | 10117 ||| Stepping ~*~*~tactically~*~*~ (retreating).
 10118 | Lair:5   | 10118 ||| Stepping ~*~*~tactically~*~*~ (retreating).
 10119 | Lair:5   | 10119 ||| Stepping ~*~*~tactically~*~*~ (retreating).
 10120 | Lair:5   | 10120 ||| Stepping ~*~*~tactically~*~*~ (retreating).
 10121 | Lair:5   | 10121 ||| Stepping ~*~*~tactically~*~*~ (retreating).
 10122 | Lair:5   | 10122 ||| Stepping ~*~*~tactically~*~*~ (retreating).
 10123 | Lair:5   | 10123 ||| Stepping ~*~*~tactically~*~*~ (retreating).
 10124 | Lair:5   | 10124 ||| Stepping ~*~*~tactically~*~*~ (retreating).
 10125 | Lair:5   | 10125 ||| Stepping ~*~*~tactically~*~*~ (retreating).
 10126 | Lair:5   | 10126 ||| Stepping ~*~*~tactically~*~*~ (retreating).
 10127 | Lair:5   | 10127 ||| Stepping ~*~*~tactically~*~*~ (retreating).
 10128 | Lair:5   | 10128 ||| Stepping ~*~*~tactically~*~*~ (retreating).
 10129 | Lair:5   | 10129 ||| Stepping ~*~*~tactically~*~*~ (retreating).
 10130 | Lair:5   | 10130 ||| Stepping ~*~*~tactically~*~*~ (retreating).
 10131 | Lair:5   | 10131 ||| Stepping ~*~*~tactically~*~*~ (retreating).
 10132 | Lair:5   | 10132 ||| Stepping ~*~*~tactically~*~*~ (retreating).
 10133 | Lair:5   | 10133 ||| Stepping ~*~*~tactically~*~*~ (retreating).
 10134 | Lair:5   | 10134 ||| Stepping ~*~*~tactically~*~*~ (retreating).
 10135 | Lair:5   | 10135 ||| Stepping ~*~*~tactically~*~*~ (retreating).
 10136 | Lair:5   | 10136 ||| PLANNING LAIR
 10136 | Lair:5   | 10136 ||| PLANNING LAIR
 10136 | Lair:5   | 10136 ||| INVOKING Heroism.
 10150 | Lair:5   | 10150 ||| Stepping ~*~*~tactically~*~*~ (retreating).
 10151 | Lair:5   | 10151 ||| Stepping ~*~*~tactically~*~*~ (retreating).
 10152 | Lair:5   | 10152 ||| Stepping ~*~*~tactically~*~*~ (retreating).
 10155 | Lair:5   | 10155 ||| Stepping ~*~*~tactically~*~*~ (retreating).
 10171 | Lair:5   | HP: 21/85 [yak (2)]
 10172 | Lair:5   | 10172 ||| READING 7 scrolls of teleportation.
 10174 | Lair:5   | 10174 ||| DRINKING 4 potions of heal wounds.
 10202 | Lair:5   | 10202 ||| INVOKING Heroism.
 10204 | Lair:5   | 10204 ||| RETREATING.
 10211 | Lair:5   | 10211 ||| Stepping ~*~*~tactically~*~*~ (retreating).
 10212 | Lair:5   | 10212 ||| Stepping ~*~*~tactically~*~*~ (retreating).
 10217 | Lair:5   | Reached skill level 12 in Fighting
 10244 | Lair:5   | 10244 ||| Stepping ~*~*~tactically~*~*~ (retreating).
 10245 | Lair:5   | 10245 ||| Stepping ~*~*~tactically~*~*~ (retreating).
 10246 | Lair:5   | 10246 ||| Stepping ~*~*~tactically~*~*~ (retreating).
 10272 | Lair:5   | 10272 ||| INVOKING Heroism.
 10367 | Lair:5   | 10367 ||| Stepping ~*~*~tactically~*~*~ (retreating).
 10368 | Lair:5   | 10368 ||| Stepping ~*~*~tactically~*~*~ (retreating).
 10369 | Lair:5   | 10369 ||| Stepping ~*~*~tactically~*~*~ (retreating).
 10370 | Lair:5   | 10370 ||| Stepping ~*~*~tactically~*~*~ (retreating).
 10371 | Lair:5   | 10371 ||| Stepping ~*~*~tactically~*~*~ (retreating).
 10372 | Lair:5   | 10372 ||| STAIRDANCE
 10428 | Lair:5   | 10428 ||| STAIRDANCE
 10430 | Lair:4   | 10430 ||| Stepping ~*~*~tactically~*~*~ (retreating).
 10431 | Lair:4   | 10431 ||| Stepping ~*~*~tactically~*~*~ (retreating).
 10432 | Lair:4   | 10432 ||| Stepping ~*~*~tactically~*~*~ (retreating).
 10433 | Lair:4   | 10433 ||| Stepping ~*~*~tactically~*~*~ (retreating).
 10434 | Lair:4   | 10434 ||| Stepping ~*~*~tactically~*~*~ (retreating).
 10435 | Lair:4   | 10435 ||| Stepping ~*~*~tactically~*~*~ (retreating).
 10436 | Lair:4   | 10436 ||| Stepping ~*~*~tactically~*~*~ (retreating).
 10437 | Lair:4   | 10437 ||| Stepping ~*~*~tactically~*~*~ (retreating).
 10438 | Lair:4   | 10438 ||| INVOKING Heroism.
 10540 | Lair:5   | 10540 ||| STAIRDANCE
 10607 | Lair:5   | 10607 ||| STAIRDANCE
 10614 | Lair:5   | 10614 ||| INVOKING Heroism.
 10645 | Lair:5   | 10645 ||| STAIRDANCE
 10679 | Lair:5   | 10679 ||| INVOKING Heroism.
 10991 | Lair:5   | 10991 ||| INVOKING Heroism.
 11041 | Lair:5   | 11041 ||| FLEEEEING.
 11042 | Lair:5   | 11042 ||| FLEEEEING.
 11043 | Lair:5   | 11043 ||| FLEEEEING.
 11044 | Lair:5   | 11044 ||| FLEEEEING.
 11045 | Lair:5   | 11045 ||| FLEEEEING.
 11047 | Lair:5   | 11047 ||| FLEEEEING.
 11048 | Lair:5   | 11048 ||| FLEEEEING.
 11049 | Lair:5   | 11049 ||| FLEEEEING.
 11050 | Lair:5   | 11050 ||| FLEEEEING.
 11051 | Lair:5   | 11051 ||| FLEEEEING.
 11052 | Lair:5   | 11052 ||| FLEEEEING.
 11054 | Lair:5   | 11054 ||| FLEEEEING.
 11056 | Lair:5   | 11056 ||| Stepping ~*~*~tactically~*~*~ (outnumbered).
 11057 | Lair:5   | 11057 ||| Stepping ~*~*~tactically~*~*~ (outnumbered).
 11078 | Lair:5   | 11078 ||| FLEEEEING.
 11079 | Lair:5   | 11079 ||| FLEEEEING.
 11080 | Lair:5   | 11080 ||| FLEEEEING.
 11081 | Lair:5   | 11081 ||| FLEEEEING.
 11082 | Lair:5   | 11082 ||| FLEEEEING.
 11083 | Lair:5   | 11083 ||| FLEEEEING.
 11084 | Lair:5   | 11084 ||| INVOKING Heroism.
 11087 | Lair:5   | Gained mutation: Your large and strong wings let you fly.
                  | [Gargoyle growth]
 11087 | Lair:5   | Reached XP level 14. HP: 86/94 MP: 18/21
 11186 | Lair:5   | 11186 ||| PLANNING LAIR
 11186 | Lair:5   | 11186 ||| PLANNING LAIR
 11188 | Lair:5   | 11188 ||| RETREATING.
 11192 | Lair:5   | 11192 ||| INVOKING Heroism.
 11195 | Lair:5   | 11195 ||| INVOKING Finesse.
 11378 | Lair:5   | 11378 ||| PLANNING D:1-11
 11696 | D:9      | 11696 ||| FLEEEEING.
 11697 | D:9      | 11697 ||| FLEEEEING.
 11698 | D:9      | 11698 ||| FLEEEEING.
 11699 | D:9      | 11699 ||| FLEEEEING.
 11700 | D:9      | 11700 ||| FLEEEEING.
 11701 | D:9      | 11701 ||| FLEEEEING.
 11702 | D:9      | 11702 ||| FLEEEEING.
 11703 | D:9      | 11703 ||| FLEEEEING.
 11704 | D:9      | 11704 ||| FLEEEEING.
 11705 | D:9      | 11705 ||| FLEEEEING.
 11706 | D:9      | 11706 ||| PLANNING D:1-11
 11706 | D:9      | 11706 ||| FLEEEEING.
 11707 | D:9      | 11707 ||| FLEEEEING.
 11708 | D:9      | 11708 ||| FLEEEEING.
 11709 | D:9      | 11709 ||| FLEEEEING.
 11710 | D:9      | 11710 ||| FLEEEEING.
 11711 | D:9      | 11711 ||| FLEEEEING.
 11712 | D:9      | 11712 ||| FLEEEEING.
 11713 | D:9      | 11713 ||| FLEEEEING.
 11714 | D:9      | 11714 ||| FLEEEEING.
 11715 | D:9      | 11715 ||| FLEEEEING.
 11716 | D:9      | 11716 ||| FLEEEEING.
 11717 | D:9      | 11717 ||| FLEEEEING.
 11718 | D:9      | 11718 ||| FLEEEEING.
 11719 | D:9      | 11719 ||| FLEEEEING.
 12176 | D:9      | 12176 ||| READING scroll of enchant armour.
 12176 | D:9      | 12176 ||| ENCHANTING +1 pair of gloves.
 12342 | D:10     | Entered Level 10 of the Dungeon
 12386 | D:10     | Found a burning altar of Makhleb.
 12400 | D:10     | Found a glowing silver altar of Zin.
 12400 | D:10     | Noticed an angel
 12401 | D:10     | 12401 ||| Stepping ~*~*~tactically~*~*~ (outnumbered).
 12407 | D:10     | 12407 ||| Stepping ~*~*~tactically~*~*~ (outnumbered).
 12409 | D:10     | 12409 ||| Stepping ~*~*~tactically~*~*~ (outnumbered).
 12417 | D:10     | Noticed a cacodemon
 12500 | D:10     | Found a sacrificial altar of Ru.
 12509 | D:10     | Found a snail-covered altar of Cheibriados.
 12545 | D:10     | Noticed Urug
 12546 | D:10     | 12546 ||| INVOKING Heroism.
 12549 | D:10     | Killed Urug
 12555 | D:10     | Noticed Fannar
 12566 | D:10     | Killed Fannar
 12689 | D:10     | Found a basalt altar of Yredelemnul.
 12800 | D:10     | Found an opulent altar of Gozag.
 12801 | D:10     | Found a blossoming altar of Fedhas.
 12813 | D:10     | Found a broken altar of Ashenzari.
 12869 | D:10     | 12869 ||| READING 3 scrolls of identify.
 12869 | D:10     | 12869 ||| IDENTIFYING brown potion
 12870 | D:10     | 12870 ||| READING 2 scrolls of identify.
 12870 | D:10     | 12870 ||| IDENTIFYING viscous grey potion
 12871 | D:10     | 12871 ||| DROPPING potion of berserk rage.
 12932 | D:11     | 12932 ||| INVOKING Heroism.
 12933 | D:11     | 12933 ||| INVOKING Finesse.
 12981 | D:11     | 12981 ||| READING scroll of enchant armour.
 12981 | D:11     | 12981 ||| ENCHANTING +0 helmet.
 13058 | D:11     | Received a gift from Okawaru
 13131 | D:11     | 13131 ||| Stepping ~*~*~tactically~*~*~ (outnumbered).
 13133 | D:11     | 13133 ||| Stepping ~*~*~tactically~*~*~ (outnumbered).
 13135 | D:11     | 13135 ||| Stepping ~*~*~tactically~*~*~ (outnumbered).
 13138 | D:11     | 13138 ||| Stepping ~*~*~tactically~*~*~ (outnumbered).
 13185 | D:11     | 13185 ||| INVOKING Heroism.
 13223 | D:11     | 13223 ||| FLEEEEING.
 13224 | D:11     | 13224 ||| FLEEEEING.
 13225 | D:11     | 13225 ||| FLEEEEING.
 13226 | D:11     | 13226 ||| FLEEEEING.
 13234 | D:11     | 13234 ||| STAIRDANCE
 13322 | D:11     | Found a staircase to the Orcish Mines.
 13634 | D:11     | 13634 ||| PLANNING D
 13634 | D:11     | 13634 ||| DROPPING ring of wizardry.
 13651 | D:12     | 13651 ||| PLANNING GAUNTLET
 13654 | D:12     | Identified the +5 rapier "Arcanum" {freeze, Int+4}
 13797 | D:12     | Found a gate leading to a gauntlet.
 13813 | Gauntlet | Entered a Gauntlet
 13813 | Gauntlet | Found a transporter.
 13822 | Gauntlet | Found a transporter.
 13837 | Gauntlet | Found a transporter.
 13842 | Gauntlet | Found a transporter.
 13857 | Gauntlet | Found a transporter.
 13876 | Gauntlet | Found a transporter.
 13888 | Gauntlet | Found a transporter.
 13889 | Gauntlet | Found the +3 Elemental Staff {ele, rElec rF+ rC+ AC+3}
 13900 | Gauntlet | Found a transporter.
 13903 | Gauntlet | Noticed a reaper
 13912 | Gauntlet | Found a transporter.
 13918 | Gauntlet | Found a transporter.
 13920 | Gauntlet | Found a transporter.
 13937 | Gauntlet | Found a transporter.
 13954 | Gauntlet | Found a transporter.
 13973 | Gauntlet | Found a transporter.
 13998 | Gauntlet | Found a transporter.
 14018 | Gauntlet | Found a transporter.
 14096 | Gauntlet | Found a transporter.
 14120 | Gauntlet | Found a transporter.
 14221 | Gauntlet | 14221 ||| INVOKING Heroism.
 14267 | Gauntlet | 14267 ||| INVOKING Finesse.
 14330 | Gauntlet | Upgraded the game from 0.31-a0-667-g39726597b9 to
                  | 0.31-a0-672-g7da72447bb
 14330 | Gauntlet | 14330 ||| PLANNING GAUNTLET
 14330 | Gauntlet | 14330 ||| PLANNING GAUNTLET
 14330 | Gauntlet | 14330 ||| Stepping randomly (stuck).
 14332 | Gauntlet | 14332 ||| Stepping randomly (stuck).
 14333 | Gauntlet | 14333 ||| Stepping ~*~*~tactically~*~*~ (retreating).
 14334 | Gauntlet | 14334 ||| Stepping ~*~*~tactically~*~*~ (retreating).
 14335 | Gauntlet | 14335 ||| Stepping ~*~*~tactically~*~*~ (retreating).
 14339 | Gauntlet | 14339 ||| Stepping ~*~*~tactically~*~*~ (retreating).
 14340 | Gauntlet | 14340 ||| Stepping ~*~*~tactically~*~*~ (retreating).
 14341 | Gauntlet | 14341 ||| Stepping randomly (stuck).
 14342 | Gauntlet | 14342 ||| Stepping randomly (stuck).
 14343 | Gauntlet | 14343 ||| Stepping randomly (stuck).
 14344 | Gauntlet | 14344 ||| Stepping randomly (stuck).
 14346 | Gauntlet | 14346 ||| Stepping randomly (stuck).
 14347 | Gauntlet | 14347 ||| Stepping ~*~*~tactically~*~*~ (retreating).
 14348 | Gauntlet | 14348 ||| Stepping ~*~*~tactically~*~*~ (retreating).
 14349 | Gauntlet | 14349 ||| Stepping ~*~*~tactically~*~*~ (retreating).
 14369 | Gauntlet | Reached skill level 9 in Dodging
 14397 | Gauntlet | Identified the ring "Ossi" {rF+ EV+5 Slay+3}
 14404 | Gauntlet | 14404 ||| PLANNING GAUNTLET
 14404 | Gauntlet | 14404 ||| UPGRADING to ring "Ossi" {rF+ EV+5 Slay+3}.
 14406 | Gauntlet | 14406 ||| UPGRADING to +6 ring of dexterity.
 14408 | Gauntlet | 14408 ||| DROPPING +4 ring of protection.
 14420 | Gauntlet | Found the -2 hat of the Alchemist {rElec rPois rF+ rC+ rN+
                  | Will+ rMut rCorr}
 14421 | Gauntlet | 14421 ||| INVOKING Heroism.
 14486 | Gauntlet | 14486 ||| UPGRADING to -2 hat of the Alchemist {rElec rPois
                  | rF+ rC+ rN+ Will+ rMut rCorr}.
 14511 | D:12     | 14511 ||| PLANNING D
 14600 | D:12     | Found Lewiamy's Weapon Boutique.
 14798 | D:12     | 14798 ||| RETREATING.
 14880 | D:12     | 14880 ||| RETREATING.
 15043 | D:13     | 15043 ||| INVOKING Heroism.
 15046 | D:13     | 15046 ||| STAIRDANCE
 15049 | D:12     | Received a gift from Okawaru
 15107 | D:13     | 15107 ||| STAIRDANCE
 15140 | D:13     | 15140 ||| STAIRDANCE
 15200 | D:13     | 15200 ||| STAIRDANCE
 15438 | D:13     | Reached skill level 15 in Fighting
 15476 | D:13     | Found a portal to a secret trove of treasure.
 15512 | D:13     | Found a gate to the Vaults.
 15553 | D:13     | 15553 ||| INVOKING Heroism.
 15556 | D:13     | 15556 ||| Stepping ~*~*~tactically~*~*~ (outnumbered).
 15729 | D:13     | 15729 ||| INVOKING Heroism.
 15730 | D:13     | 15730 ||| INVOKING Finesse.
 15737 | D:13     | Reached XP level 15. HP: 101/103 MP: 14/22
 15810 | D:13     | 15810 ||| INVOKING Heroism.
 16164 | D:14     | Noticed Azrael
 16165 | D:14     | 16165 ||| RETREATING.
 16169 | D:14     | 16169 ||| RETREATING.
 16171 | D:14     | 16171 ||| INVOKING Heroism.
 16181 | D:14     | 16181 ||| INVOKING Finesse.
 16185 | D:14     | Killed Azrael
 16402 | D:14     | Noticed Agnes
 16403 | D:14     | 16403 ||| INVOKING Heroism.
 16404 | D:14     | 16404 ||| INVOKING Finesse.
 16414 | D:14     | Killed Agnes
 16514 | D:14     | Noticed Roxanne
 16515 | D:14     | 16515 ||| INVOKING Heroism.
 16540 | D:14     | Killed Roxanne
 16830 | D:14     | 16830 ||| DROPPING ring of protection from cold.
 16839 | D:15     | Entered Level 15 of the Dungeon
 16845 | D:15     | Noticed Jorgrun
 16846 | D:15     | 16846 ||| INVOKING Heroism.
 16849 | D:15     | 16849 ||| RETREATING.
 16858 | D:15     | 16858 ||| RETREATING.
 16859 | D:15     | 16859 ||| RETREATING.
 16860 | D:15     | Found a staircase to the Depths.
 16861 | D:15     | 16861 ||| INVOKING Finesse.
 16878 | D:15     | Killed Jorgrun
 16879 | D:15     | Reached skill level 9 in Armour
 16968 | D:15     | 16968 ||| INVOKING Heroism.
 17144 | D:15     | Noticed Josephine
 17151 | D:15     | 17151 ||| RETREATING.
 17154 | D:15     | Killed Josephine
 17156 | D:15     | Identified the +1 longbow of the Spider {flame, rPois Str+2
                  | Int+2} (Okawaru gifted it to you on level 15 of the
                  | Dungeon)
 17156 | D:15     | Received a gift from Okawaru
 17164 | D:15     | 17164 ||| INVOKING Heroism.
 17303 | D:15     | 17303 ||| SWAPPING to +1 longbow of the Spider {flame,
                  | rPois Str+2 Int+2}.
 17304 | D:15     | 17304 ||| DROPPING +7 orcbow of freezing.
 17428 | D:15     | Noticed Rupert
 17429 | D:15     | 17429 ||| INVOKING Heroism.
 17430 | D:15     | 17430 ||| INVOKING Finesse.
 17445 | D:15     | Killed Rupert
 17575 | D:15     | 17575 ||| PLANNING ORC
 17671 | Orc:1    | Entered Level 1 of the Orcish Mines
 17681 | Orc:1    | Noticed an orc warlord
 17682 | Orc:1    | 17682 ||| RETREATING.
 17683 | Orc:1    | 17683 ||| INVOKING Heroism.
 17687 | Orc:1    | 17687 ||| RETREATING.
 17690 | Orc:1    | 17690 ||| INVOKING Finesse.
 17705 | Orc:1    | Killed an orc warlord
 17739 | Orc:1    | 17739 ||| FLEEEEING.
 17740 | Orc:1    | 17740 ||| FLEEEEING.
 17741 | Orc:1    | 17741 ||| FLEEEEING.
 17742 | Orc:1    | 17742 ||| FLEEEEING.
 17743 | Orc:1    | 17743 ||| FLEEEEING.
 17744 | Orc:1    | 17744 ||| FLEEEEING.
 17745 | Orc:1    | 17745 ||| STAIRDANCE
 17962 | Orc:1    | Found Dyosof's Magic Scroll Shoppe.
 17970 | Orc:1    | 17970 ||| BUYING 3 scrolls of identify (84 gold).
 17970 | Orc:1    | Bought 3 scrolls of identify for 84 gold pieces
 17970 | Orc:1    | 17970 ||| BUYING scroll of identify (28 gold).
 17970 | Orc:1    | Bought a scroll of identify for 28 gold pieces
 17970 | Orc:1    | 17970 ||| BUYING scroll of identify (28 gold).
 17970 | Orc:1    | Bought a scroll of identify for 28 gold pieces
 17970 | Orc:1    | 17970 ||| BUYING scroll of identify (28 gold).
 17970 | Orc:1    | Bought a scroll of identify for 28 gold pieces
 17970 | Orc:1    | 17970 ||| BUYING scroll of teleportation (42 gold).
 17970 | Orc:1    | Bought a scroll of teleportation for 42 gold pieces
 18054 | Orc:1    | 18054 ||| INVOKING Heroism.
 18093 | Orc:1    | Noticed an orc warlord
 18094 | Orc:1    | 18094 ||| INVOKING Heroism.
 18095 | Orc:1    | 18095 ||| INVOKING Finesse.
 18110 | Orc:1    | Killed an orc warlord
 18252 | Orc:2    | Entered Level 2 of the Orcish Mines
 18268 | Orc:2    | 18268 ||| RETREATING.
 18270 | Orc:2    | 18270 ||| Stepping ~*~*~tactically~*~*~ (retreating).
 18271 | Orc:2    | 18271 ||| Stepping ~*~*~tactically~*~*~ (retreating).
 18273 | Orc:2    | 18273 ||| Stepping ~*~*~tactically~*~*~ (retreating).
 18274 | Orc:2    | 18274 ||| Stepping ~*~*~tactically~*~*~ (retreating).
 18275 | Orc:2    | 18275 ||| INVOKING Heroism.
 18279 | Orc:2    | 18279 ||| Stepping ~*~*~tactically~*~*~ (retreating).
 18280 | Orc:2    | 18280 ||| Stepping ~*~*~tactically~*~*~ (retreating).
 18281 | Orc:2    | 18281 ||| Stepping ~*~*~tactically~*~*~ (retreating).
 18288 | Orc:2    | 18288 ||| Stepping ~*~*~tactically~*~*~ (retreating).
 18289 | Orc:2    | 18289 ||| Stepping ~*~*~tactically~*~*~ (retreating).
 18290 | Orc:2    | 18290 ||| Stepping ~*~*~tactically~*~*~ (retreating).
 18291 | Orc:2    | 18291 ||| Stepping ~*~*~tactically~*~*~ (retreating).
 18292 | Orc:2    | 18292 ||| Stepping ~*~*~tactically~*~*~ (retreating).
 18293 | Orc:2    | 18293 ||| INVOKING Heroism.
 18304 | Orc:2    | 18304 ||| Stepping ~*~*~tactically~*~*~ (retreating).
 18305 | Orc:2    | 18305 ||| Stepping ~*~*~tactically~*~*~ (retreating).
 18306 | Orc:2    | 18306 ||| Stepping ~*~*~tactically~*~*~ (retreating).
 18309 | Orc:2    | 18309 ||| Stepping ~*~*~tactically~*~*~ (retreating).
 18310 | Orc:2    | 18310 ||| Stepping ~*~*~tactically~*~*~ (retreating).
 18311 | Orc:2    | 18311 ||| Stepping ~*~*~tactically~*~*~ (retreating).
 18312 | Orc:2    | 18312 ||| Stepping ~*~*~tactically~*~*~ (retreating).
 18313 | Orc:2    | 18313 ||| Stepping ~*~*~tactically~*~*~ (retreating).
 18314 | Orc:2    | 18314 ||| Stepping ~*~*~tactically~*~*~ (retreating).
 18314 | Orc:2    | HP: 22/107 [two-headed ogre/+0 giant club (8)]
 18315 | Orc:2    | 18315 ||| READING 8 scrolls of teleportation.
 18316 | Orc:2    | 18316 ||| DRINKING 5 potions of heal wounds.
 18317 | Orc:2    | 18317 ||| Stepping ~*~*~tactically~*~*~ (retreating).
 18320 | Orc:2    | 18320 ||| FLEEEEING.
 18321 | Orc:2    | 18321 ||| FLEEEEING.
 18332 | Orc:2    | 18332 ||| FLEEEEING.
 18333 | Orc:2    | 18333 ||| FLEEEEING.
 18334 | Orc:2    | 18334 ||| FLEEEEING.
 18335 | Orc:2    | 18335 ||| STAIRDANCE
 18521 | Orc:2    | Reached skill level 17 in Ranged Weapons
 18522 | Orc:2    | Received a gift from Okawaru
 18527 | Orc:2    | 18527 ||| INVOKING Heroism.
 18529 | Orc:2    | Paralysed by an ogre mage for 4 turns
 18535 | Orc:2    | Reached XP level 16. HP: 112/112 MP: 21/23
 18684 | Orc:2    | 18684 ||| INVOKING Heroism.
 18706 | Orc:2    | Found a staircase to the Elven Halls.
 18742 | Orc:2    | Found Foiseel's Armour Emporium.
 18774 | Orc:2    | 18774 ||| BUYING +3 leather armour "Hokla" {Rampage rF-
                  | rN+} (275 gold).
 18774 | Orc:2    | Bought the +3 leather armour "Hokla" {Rampage rF- rN+} for
                  | 275 gold pieces
 18774 | Orc:2    | 18774 ||| BUYING +4 ring mail of fire resistance (403
                  | gold).
 18774 | Orc:2    | Bought a +4 ring mail of fire resistance for 403 gold
                  | pieces
 18796 | Orc:2    | Found Plog's Weapon Boutique.
 18796 | Orc:2    | Found Jef Cuab's Distillery.
 18796 | Orc:2    | Found Yghaghur's Antique Weapon Shoppe.
 18796 | Orc:2    | Found Gimaoxal's Armour Shop.
 18816 | Orc:2    | 18816 ||| DROPPING +2 robe "Dixyu" {Slay+2}.
 18818 | Orc:2    | 18818 ||| BUYING +0 cloak (67 gold).
 18818 | Orc:2    | Bought a +0 cloak for 67 gold pieces
 18819 | Orc:2    | 18819 ||| BUYING potion of curing (42 gold).
 18819 | Orc:2    | Bought a potion of curing for 42 gold pieces
 18819 | Orc:2    | 18819 ||| BUYING potion of curing (42 gold).
 18819 | Orc:2    | Bought a potion of curing for 42 gold pieces
 18836 | Orc:2    | 18836 ||| Stepping ~*~*~tactically~*~*~ (retreating).
 19033 | Orc:2    | 19033 ||| UPGRADING to +0 cloak.
 19038 | Orc:2    | 19038 ||| DROPPING +1 leather armour of fire resistance.
 19039 | Orc:2    | 19039 ||| DROPPING +3 leather armour "Hokla" {Rampage rF-
                  | rN+}.
 19040 | Orc:2    | 19040 ||| UPGRADING to +4 ring mail of fire resistance.
 19050 | Orc:2    | 19050 ||| DROPPING +0 ring mail of Vehumet's Displeasure
                  | {Fly rF+ rC++}.
 19060 | Orc:1    | 19060 ||| INVOKING Heroism.
 19061 | Orc:1    | 19061 ||| Stepping ~*~*~tactically~*~*~ (retreating).
 19062 | Orc:1    | 19062 ||| Stepping ~*~*~tactically~*~*~ (retreating).
 19063 | Orc:1    | 19063 ||| Stepping ~*~*~tactically~*~*~ (retreating).
 19064 | Orc:1    | 19064 ||| Stepping ~*~*~tactically~*~*~ (retreating).
 19065 | Orc:1    | 19065 ||| Stepping ~*~*~tactically~*~*~ (retreating).
 19300 | Orc:2    | 19300 ||| PLANNING SNAKE:1-3
 19479 | Snake:1  | Entered Level 1 of the Snake Pit
 19480 | Snake:1  | 19480 ||| STAIRDANCE
 19670 | Snake:1  | Noticed Asterion
 19671 | Snake:1  | 19671 ||| INVOKING Heroism.
 19673 | Snake:1  | 19673 ||| Stepping ~*~*~tactically~*~*~ (retreating).
 19688 | Snake:1  | Killed Asterion
 19689 | Snake:1  | Reached skill level 18 in Ranged Weapons
 19717 | Snake:1  | 19717 ||| INVOKING Heroism.
 19983 | Snake:1  | Found a glowing silver altar of Zin.
 20184 | Snake:1  | Found a transporter.
 20185 | Snake:1  | Noticed Aizul
 20186 | Snake:1  | Found a transporter.
 20218 | Snake:1  | You are sucked into a shaft and drop 1 floor!
 20219 | Snake:2  | 20219 ||| RETREATING.
 20223 | Snake:2  | 20223 ||| INVOKING Heroism.
 20224 | Snake:2  | Noticed Kirke
 20234 | Snake:2  | 20234 ||| INVOKING Finesse.
 20239 | Snake:2  | Killed Kirke
 20309 | Snake:1  | 20309 ||| RETREATING.
 20718 | Snake:2  | Noticed Louise
 20719 | Snake:2  | 20719 ||| INVOKING Heroism.
 20730 | Snake:2  | Reached skill level 19 in Ranged Weapons
 20754 | Snake:2  | 20754 ||| READING scroll of enchant armour.
 20754 | Snake:2  | 20754 ||| ENCHANTING +0 pair of boots.
 20816 | Snake:2  | Found a runed translucent gate.
 21009 | Snake:2  | 21009 ||| INVOKING Heroism.
 21129 | Snake:2  | Found a runed translucent gate.
 21130 | Snake:2  | Found a runed translucent gate.
 21133 | Snake:2  | Noticed qwqw's ghost (adept DsBe)
 21171 | Snake:3  | Found Ustruope's Armour Emporium.
 21171 | Snake:3  | Found Ubaazar's Antique Weapon Shoppe.
 21181 | Snake:3  | 21181 ||| BUYING +2 ring mail of cold resistance (252
                  | gold).
 21181 | Snake:3  | Bought a +2 ring mail of cold resistance for 252 gold
                  | pieces
 21191 | Snake:3  | 21191 ||| BUYING ichor-stained arbalest (380 gold).
 21191 | Snake:3  | Bought an ichor-stained arbalest for 380 gold pieces
 21191 | Snake:3  | Identified the +6 arbalest of War {elec, rC+ Int+2} (You
                  | bought it in a shop on level 3 of the Snake Pit)
 21191 | Snake:3  | 21191 ||| DROPPING +6 arbalest of War {elec, rC+ Int+2}.
 21226 | Snake:3  | 21226 ||| RETREATING.
 21233 | Snake:3  | 21233 ||| Stepping ~*~*~tactically~*~*~ (retreating).
 21234 | Snake:3  | 21234 ||| Stepping ~*~*~tactically~*~*~ (retreating).
 21254 | Snake:3  | 21254 ||| FLEEEEING.
 21256 | Snake:3  | 21256 ||| FLEEEEING.
 21257 | Snake:3  | 21257 ||| FLEEEEING.
 21346 | Snake:3  | 21346 ||| RETREATING.
 21359 | Snake:3  | 21359 ||| RETREATING.
 21372 | Snake:3  | 21372 ||| Stepping ~*~*~tactically~*~*~ (retreating).
 21373 | Snake:3  | 21373 ||| Stepping ~*~*~tactically~*~*~ (retreating).
 21374 | Snake:3  | 21374 ||| Stepping ~*~*~tactically~*~*~ (retreating).
 21375 | Snake:3  | 21375 ||| Stepping ~*~*~tactically~*~*~ (retreating).
 21384 | Snake:3  | Received a gift from Okawaru
 21565 | Snake:3  | Noticed a nagaraja
 21566 | Snake:3  | 21566 ||| INVOKING Heroism.
 21571 | Snake:3  | Killed a nagaraja
 21607 | Snake:3  | 21607 ||| Stepping ~*~*~tactically~*~*~ (outnumbered).
 21609 | Snake:3  | 21609 ||| Stepping ~*~*~tactically~*~*~ (outnumbered).
 21612 | Snake:3  | 21612 ||| Stepping ~*~*~tactically~*~*~ (outnumbered).
 21614 | Snake:3  | 21614 ||| Stepping ~*~*~tactically~*~*~ (outnumbered).
 21809 | Snake:3  | Found a runed translucent door.
 21810 | Snake:3  | Found a shimmering altar of Xom.
 21810 | Snake:3  | Noticed qwqw's ghost (adept DsFi)
 21868 | Snake:3  | Identified the ring "Kowaloss" {rC+ rN+ MP+9 Dex+6}
 21908 | Snake:3  | 21908 ||| READING scroll of enchant armour.
 21908 | Snake:3  | 21908 ||| ENCHANTING +1 pair of boots.
 21928 | Snake:3  | 21928 ||| Stepping ~*~*~tactically~*~*~ (outnumbered).
 21931 | Snake:3  | 21931 ||| Stepping ~*~*~tactically~*~*~ (outnumbered).
 21933 | Snake:3  | 21933 ||| Stepping ~*~*~tactically~*~*~ (outnumbered).
 22220 | Snake:3  | 22220 ||| PLANNING SWAMP:1-3
 22220 | Snake:3  | 22220 ||| UPGRADING to ring "Kowaloss" {rC+ rN+ MP+9
                  | Dex+6}.
 22261 | Snake:3  | 22261 ||| DROPPING +6 ring of dexterity.
 22416 | Swamp:1  | Entered Level 1 of the Swamp
 22424 | Swamp:1  | 22424 ||| RETREATING.
 22427 | Swamp:1  | 22427 ||| INVOKING Heroism.
 22428 | Swamp:1  | 22428 ||| Stepping ~*~*~tactically~*~*~ (retreating).
 22429 | Swamp:1  | 22429 ||| Stepping ~*~*~tactically~*~*~ (retreating).
 22437 | Swamp:1  | Reached skill level 20 in Ranged Weapons
 22662 | Swamp:1  | Identified the staff of the Firefly {rN+ Necro Earth}
 22709 | Swamp:1  | 22709 ||| RETREATING.
 22712 | Swamp:1  | Reached XP level 17. HP: 97/117 MP: 24/24
 22712 | Swamp:1  | 22712 ||| FLEEEEING.
 22714 | Swamp:1  | 22714 ||| INVOKING Heroism.
 22715 | Swamp:1  | 22715 ||| Stepping ~*~*~tactically~*~*~ (retreating).
 22757 | Swamp:1  | 22757 ||| INVOKING Heroism.
 22958 | Swamp:1  | 22958 ||| FLEEEEING.
 22962 | Swamp:1  | 22962 ||| FLEEEEING.
 22963 | Swamp:1  | 22963 ||| FLEEEEING.
 22971 | Swamp:1  | 22971 ||| FLEEEEING.
 22972 | Swamp:1  | 22972 ||| FLEEEEING.
 22973 | Swamp:1  | 22973 ||| FLEEEEING.
 22974 | Swamp:1  | 22974 ||| FLEEEEING.
 22975 | Swamp:1  | 22975 ||| FLEEEEING.
 22977 | Swamp:1  | 22977 ||| FLEEEEING.
 22978 | Swamp:1  | 22978 ||| FLEEEEING.
 22979 | Swamp:1  | 22979 ||| FLEEEEING.
 22980 | Swamp:1  | 22980 ||| FLEEEEING.
 22981 | Swamp:1  | 22981 ||| FLEEEEING.
 22982 | Swamp:1  | 22982 ||| FLEEEEING.
 22983 | Swamp:1  | 22983 ||| FLEEEEING.
 22984 | Swamp:1  | 22984 ||| FLEEEEING.
 22985 | Swamp:1  | 22985 ||| FLEEEEING.
 22986 | Swamp:1  | 22986 ||| FLEEEEING.
 22987 | Swamp:1  | 22987 ||| FLEEEEING.
 22988 | Swamp:1  | 22988 ||| FLEEEEING.
 22989 | Swamp:1  | 22989 ||| FLEEEEING.
 22990 | Swamp:1  | 22990 ||| FLEEEEING.
 22991 | Swamp:1  | 22991 ||| FLEEEEING.
 22992 | Swamp:1  | 22992 ||| FLEEEEING.
 22993 | Swamp:1  | 22993 ||| FLEEEEING.
 22994 | Swamp:1  | 22994 ||| FLEEEEING.
 23327 | Swamp:2  | 23327 ||| FLEEEEING.
 23331 | Swamp:2  | 23331 ||| FLEEEEING.
 23332 | Swamp:2  | 23332 ||| FLEEEEING.
 23333 | Swamp:2  | 23333 ||| FLEEEEING.
 23334 | Swamp:2  | 23334 ||| FLEEEEING.
 23335 | Swamp:2  | 23335 ||| FLEEEEING.
 23336 | Swamp:2  | 23336 ||| STAIRDANCE
 23438 | Swamp:2  | 23438 ||| STAIRDANCE
 23454 | Swamp:2  | 23454 ||| STAIRDANCE
 23485 | Swamp:2  | 23485 ||| INVOKING Heroism.
 23553 | Swamp:2  | 23553 ||| INVOKING Heroism.
 23777 | Swamp:2  | 23777 ||| INVOKING Heroism.
 23873 | Swamp:2  | 23873 ||| PLANNING SWAMP:1-3
 23901 | Swamp:2  | Found a broken altar of Ashenzari.
 23909 | Swamp:2  | 23909 ||| DROPPING +5 ring of evasion.
 24027 | Swamp:3  | 24027 ||| INVOKING Heroism.
 24029 | Swamp:3  | 24029 ||| RETREATING.
 24030 | Swamp:3  | 24030 ||| Stepping ~*~*~tactically~*~*~ (retreating).
 24031 | Swamp:3  | 24031 ||| Stepping ~*~*~tactically~*~*~ (retreating).
 24238 | Swamp:3  | 24238 ||| INVOKING Heroism.
 24336 | Swamp:3  | 24336 ||| INVOKING Heroism.
 24437 | Swamp:3  | 24437 ||| INVOKING Heroism.
 24445 | Swamp:3  | Reached skill level 18 in Fighting
 24457 | Swamp:3  | 24457 ||| Stepping ~*~*~tactically~*~*~ (cloud).
 24471 | Swamp:3  | Found a runed translucent door.
 24472 | Swamp:3  | Found a shimmering altar of Xom.
 24472 | Swamp:3  | Noticed qwqw's ghost (adept DsBe)
 24577 | Swamp:3  | 24577 ||| Stepping ~*~*~tactically~*~*~ (outnumbered).
 24578 | Swamp:3  | 24578 ||| INVOKING Heroism.
 24716 | Swamp:3  | 24716 ||| PLANNING SNAKE:4
 24880 | Snake:4  | Entered Level 4 of the Snake Pit
 24894 | Snake:4  | 24894 ||| INVOKING Heroism.
 24896 | Snake:4  | 24896 ||| Stepping ~*~*~tactically~*~*~ (outnumbered).
 24899 | Snake:4  | 24899 ||| Stepping ~*~*~tactically~*~*~ (outnumbered).
 24908 | Snake:4  | 24908 ||| Stepping ~*~*~tactically~*~*~ (outnumbered).
 24912 | Snake:4  | 24912 ||| Stepping ~*~*~tactically~*~*~ (outnumbered).
 24913 | Snake:4  | 24913 ||| Stepping ~*~*~tactically~*~*~ (outnumbered).
 24918 | Snake:4  | 24918 ||| Stepping ~*~*~tactically~*~*~ (retreating).
 24919 | Snake:4  | 24919 ||| Stepping ~*~*~tactically~*~*~ (retreating).
 24920 | Snake:4  | 24920 ||| Stepping ~*~*~tactically~*~*~ (retreating).
 24921 | Snake:4  | 24921 ||| Stepping ~*~*~tactically~*~*~ (retreating).
 25004 | Snake:4  | 25004 ||| RETREATING.
 25011 | Snake:4  | 25011 ||| Stepping ~*~*~tactically~*~*~ (retreating).
 25012 | Snake:4  | 25012 ||| Stepping ~*~*~tactically~*~*~ (retreating).
 25013 | Snake:4  | 25013 ||| Stepping ~*~*~tactically~*~*~ (retreating).
 25015 | Snake:4  | 25015 ||| Stepping ~*~*~tactically~*~*~ (retreating).
 25016 | Snake:4  | 25016 ||| Stepping ~*~*~tactically~*~*~ (retreating).
 25017 | Snake:4  | 25017 ||| Stepping ~*~*~tactically~*~*~ (retreating).
 25020 | Snake:4  | 25020 ||| Stepping ~*~*~tactically~*~*~ (retreating).
 25089 | Snake:4  | 25089 ||| Stepping ~*~*~tactically~*~*~ (outnumbered).
 25093 | Snake:4  | 25093 ||| Stepping ~*~*~tactically~*~*~ (retreating).
 25108 | Snake:4  | 25108 ||| Stepping ~*~*~tactically~*~*~ (retreating).
 25116 | Snake:4  | 25116 ||| Stepping ~*~*~tactically~*~*~ (retreating).
 25117 | Snake:4  | 25117 ||| Stepping ~*~*~tactically~*~*~ (retreating).
 25127 | Snake:4  | 25127 ||| Stepping ~*~*~tactically~*~*~ (retreating).
 25128 | Snake:4  | 25128 ||| Stepping ~*~*~tactically~*~*~ (outnumbered).
 25129 | Snake:4  | 25129 ||| Stepping ~*~*~tactically~*~*~ (outnumbered).
 25161 | Snake:4  | 25161 ||| Stepping ~*~*~tactically~*~*~ (outnumbered).
 25163 | Snake:4  | 25163 ||| Stepping ~*~*~tactically~*~*~ (outnumbered).
 25165 | Snake:4  | 25165 ||| INVOKING Heroism.
 25169 | Snake:4  | 25169 ||| Stepping ~*~*~tactically~*~*~ (retreating).
 25186 | Snake:4  | 25186 ||| INVOKING Heroism.
 25190 | Snake:4  | Received a gift from Okawaru
 25197 | Snake:4  | 25197 ||| DROPPING +1 longbow of electrocution.
 25233 | Snake:4  | 25233 ||| Stepping ~*~*~tactically~*~*~ (retreating).
 25234 | Snake:4  | 25234 ||| Stepping ~*~*~tactically~*~*~ (retreating).
 25235 | Snake:4  | 25235 ||| RETREATING.
 25237 | Snake:4  | 25237 ||| Stepping ~*~*~tactically~*~*~ (outnumbered).
 25364 | Snake:4  | 25364 ||| RETREATING.
 25371 | Snake:4  | Reached skill level 12 in Dodging
 25376 | Snake:4  | Noticed Donald
 25377 | Snake:4  | 25377 ||| INVOKING Heroism.
 25378 | Snake:4  | 25378 ||| INVOKING Finesse.
 25388 | Snake:4  | Killed Donald
 25451 | Snake:4  | 25451 ||| RETREATING.
 25469 | Snake:4  | 25469 ||| RETREATING.
 25487 | Snake:4  | Reached XP level 18. HP: 114/126 MP: 17/25
 25529 | Snake:4  | 25529 ||| INVOKING Heroism.
 25601 | Snake:4  | 25601 ||| Stepping ~*~*~tactically~*~*~ (outnumbered).
 25603 | Snake:4  | 25603 ||| Stepping ~*~*~tactically~*~*~ (outnumbered).
 25627 | Snake:4  | 25627 ||| Stepping ~*~*~tactically~*~*~ (retreating).
 25785 | Snake:4  | 25785 ||| Stepping ~*~*~tactically~*~*~ (retreating).
 25786 | Snake:4  | 25786 ||| Stepping ~*~*~tactically~*~*~ (retreating).
 25793 | Snake:4  | 25793 ||| INVOKING Heroism.
 25794 | Snake:4  | 25794 ||| Stepping ~*~*~tactically~*~*~ (retreating).
 25939 | Snake:4  | 25939 ||| INVOKING Heroism.
 25942 | Snake:4  | 25942 ||| Stepping ~*~*~tactically~*~*~ (outnumbered).
 25954 | Snake:4  | 25954 ||| Stepping ~*~*~tactically~*~*~ (outnumbered).
 25960 | Snake:4  | 25960 ||| Stepping ~*~*~tactically~*~*~ (outnumbered).
 25988 | Snake:4  | 25988 ||| INVOKING Heroism.
 26001 | Snake:4  | Reached skill level 12 in Armour
 26006 | Snake:4  | 26006 ||| RETREATING.
 26009 | Snake:4  | 26009 ||| Stepping ~*~*~tactically~*~*~ (retreating).
 26010 | Snake:4  | 26010 ||| Stepping ~*~*~tactically~*~*~ (retreating).
 26011 | Snake:4  | 26011 ||| Stepping ~*~*~tactically~*~*~ (retreating).
 26013 | Snake:4  | 26013 ||| Stepping ~*~*~tactically~*~*~ (retreating).
 26018 | Snake:4  | 26018 ||| Stepping ~*~*~tactically~*~*~ (retreating).
 26019 | Snake:4  | 26019 ||| Stepping ~*~*~tactically~*~*~ (retreating).
 26020 | Snake:4  | 26020 ||| Stepping ~*~*~tactically~*~*~ (retreating).
 26021 | Snake:4  | 26021 ||| Stepping ~*~*~tactically~*~*~ (retreating).
 26023 | Snake:4  | 26023 ||| Stepping ~*~*~tactically~*~*~ (retreating).
 26086 | Snake:4  | 26086 ||| RETREATING.
 26104 | Snake:4  | 26104 ||| INVOKING Heroism.
 26314 | Snake:4  | 26314 ||| INVOKING Heroism.
 26364 | Snake:4  | 26364 ||| Stepping ~*~*~tactically~*~*~ (outnumbered).
 26366 | Snake:4  | 26366 ||| Stepping ~*~*~tactically~*~*~ (outnumbered).
 26368 | Snake:4  | 26368 ||| Stepping ~*~*~tactically~*~*~ (outnumbered).
 26369 | Snake:4  | 26369 ||| Stepping ~*~*~tactically~*~*~ (outnumbered).
 26381 | Snake:4  | 26381 ||| Stepping ~*~*~tactically~*~*~ (outnumbered).
 26383 | Snake:4  | 26383 ||| Stepping ~*~*~tactically~*~*~ (outnumbered).
 26385 | Snake:4  | 26385 ||| Stepping ~*~*~tactically~*~*~ (outnumbered).
 26391 | Snake:4  | 26391 ||| INVOKING Heroism.
 26468 | Snake:4  | 26468 ||| INVOKING Heroism.
 26471 | Snake:4  | 26471 ||| RETREATING.
 26514 | Snake:4  | Received a gift from Okawaru
 26516 | Snake:4  | 26516 ||| INVOKING Heroism.
 26565 | Snake:4  | 26565 ||| Stepping ~*~*~tactically~*~*~ (outnumbered).
 26574 | Snake:4  | Noticed Vashnia
 26577 | Snake:4  | 26577 ||| Stepping ~*~*~tactically~*~*~ (retreating).
 26578 | Snake:4  | 26578 ||| Stepping ~*~*~tactically~*~*~ (retreating).
 26579 | Snake:4  | 26579 ||| Stepping ~*~*~tactically~*~*~ (retreating).
 26580 | Snake:4  | 26580 ||| Stepping ~*~*~tactically~*~*~ (retreating).
 26597 | Snake:4  | 26597 ||| INVOKING Heroism.
 26615 | Snake:4  | HP: 12/129 [Vashnia/bolt (24)]
 26616 | Snake:4  | 26616 ||| READING 9 scrolls of teleportation.
 26617 | Snake:4  | 26617 ||| DRINKING 7 potions of heal wounds.
 26621 | Snake:4  | HP: 28/129 [Vashnia/bolt (14)]
 26622 | Snake:4  | 26622 ||| DRINKING 6 potions of heal wounds.
 26822 | Snake:4  | 26822 ||| FLEEEEING.
 26849 | Snake:4  | Killed Vashnia
 26917 | Snake:4  | Got a serpentine rune of Zot
 26998 | Snake:4  | 26998 ||| PLANNING VAULTS:1-4
 26998 | Snake:4  | 26998 ||| DROPPING +2 hat of intelligence.
 27269 | Vaults:1 | Entered Level 1 of the Vaults
 27344 | Vaults:1 | 27344 ||| READING scroll of enchant armour.
 27344 | Vaults:1 | 27344 ||| ENCHANTING +0 cloak.
 27599 | Vaults:1 | Found Toca Uru's Distillery.
 27605 | Vaults:1 | 27605 ||| BUYING potion of cancellation (128 gold).
 27605 | Vaults:1 | Bought a potion of cancellation for 128 gold pieces
 27605 | Vaults:1 | 27605 ||| BUYING potion of curing (48 gold).
 27605 | Vaults:1 | Bought a potion of curing for 48 gold pieces
 27605 | Vaults:1 | 27605 ||| BUYING potion of curing (48 gold).
 27605 | Vaults:1 | Bought a potion of curing for 48 gold pieces
 27605 | Vaults:1 | 27605 ||| BUYING potion of haste (160 gold).
 27605 | Vaults:1 | Bought a potion of haste for 160 gold pieces
 27640 | Vaults:1 | Found Maiqarivul's Distillery.
 27648 | Vaults:1 | 27648 ||| BUYING potion of curing (57 gold).
 27648 | Vaults:1 | Bought a potion of curing for 57 gold pieces
 27648 | Vaults:1 | 27648 ||| BUYING potion of curing (57 gold).
 27648 | Vaults:1 | Bought a potion of curing for 57 gold pieces
 27648 | Vaults:1 | 27648 ||| BUYING potion of curing (57 gold).
 27648 | Vaults:1 | Bought a potion of curing for 57 gold pieces
 27648 | Vaults:1 | 27648 ||| BUYING potion of curing (57 gold).
 27648 | Vaults:1 | Bought a potion of curing for 57 gold pieces
 27648 | Vaults:1 | 27648 ||| BUYING potion of enlightenment (95 gold).
 27648 | Vaults:1 | Bought a potion of enlightenment for 95 gold pieces
 27648 | Vaults:1 | 27648 ||| BUYING potion of mutation (152 gold).
 27648 | Vaults:1 | Bought a potion of mutation for 152 gold pieces
 27670 | Vaults:1 | 27670 ||| Stepping ~*~*~tactically~*~*~ (retreating).
 28007 | Vaults:1 | 28007 ||| RETREATING.
 28008 | Vaults:1 | 28008 ||| Stepping ~*~*~tactically~*~*~ (outnumbered).
 28012 | Vaults:1 | 28012 ||| Stepping ~*~*~tactically~*~*~ (retreating).
 28020 | Vaults:1 | 28020 ||| INVOKING Heroism.
 28023 | Vaults:1 | 28023 ||| Stepping ~*~*~tactically~*~*~ (retreating).
 28025 | Vaults:1 | 28025 ||| Stepping ~*~*~tactically~*~*~ (retreating).
 28026 | Vaults:1 | 28026 ||| Stepping ~*~*~tactically~*~*~ (retreating).
 28027 | Vaults:1 | 28027 ||| Stepping ~*~*~tactically~*~*~ (retreating).
 28315 | Vaults:1 | Found Saq Irr's Jewellery Boutique.
 28526 | Vaults:1 | 28526 ||| Stepping ~*~*~tactically~*~*~ (outnumbered).
 28527 | Vaults:1 | 28527 ||| RETREATING.
 28530 | Vaults:1 | 28530 ||| Stepping ~*~*~tactically~*~*~ (outnumbered).
 28661 | Vaults:1 | Reached XP level 19. HP: 136/136 MP: 26/26
 28688 | Vaults:1 | 28688 ||| INVOKING Heroism.
 28694 | Vaults:1 | HP: 28/136 [vault warden/+0 battleaxe (10)]
 28695 | Vaults:1 | 28695 ||| READING 9 scrolls of teleportation.
 28696 | Vaults:1 | 28696 ||| DRINKING 5 potions of heal wounds.
 29131 | Vaults:1 | 29131 ||| INVOKING Heroism.
 29347 | Vaults:1 | 29347 ||| DROPPING +2 pair of boots.
 29432 | Vaults:2 | 29432 ||| STAIRDANCE
 29447 | Vaults:2 | 29447 ||| STAIRDANCE
 29561 | Vaults:2 | 29561 ||| STAIRDANCE
 29587 | Vaults:2 | 29587 ||| STAIRDANCE
 29591 | Vaults:2 | 29591 ||| STAIRDANCE
 29597 | Vaults:2 | 29597 ||| STAIRDANCE
 29787 | Vaults:2 | 29787 ||| READING scroll of enchant armour.
 29787 | Vaults:2 | 29787 ||| ENCHANTING +1 cloak.
 29811 | Vaults:2 | Found Yxu Kut's Assorted Antiques.
 29822 | Vaults:2 | 29822 ||| BUYING glowing robe (92 gold).
 29822 | Vaults:2 | Bought a glowing robe for 92 gold pieces
 29822 | Vaults:2 | 29822 ||| SHOPLISTING shiny ring mail (175 gold, have 143).
 29832 | Vaults:2 | Found Dasic's Book Shop.
 29836 | Vaults:2 | 29836 ||| RETREATING.
 29845 | Vaults:2 | 29845 ||| INVOKING Heroism.
 29846 | Vaults:2 | 29846 ||| INVOKING Finesse.
 29854 | Vaults:2 | 29854 ||| Stepping ~*~*~tactically~*~*~ (retreating).
 29855 | Vaults:2 | 29855 ||| Stepping ~*~*~tactically~*~*~ (retreating).
 29856 | Vaults:2 | 29856 ||| Stepping ~*~*~tactically~*~*~ (retreating).
 29864 | Vaults:2 | Reached skill level 21 in Fighting
 29900 | Vaults:2 | Found Sysaf's Jewellery Shoppe.
 29902 | Vaults:2 | 29902 ||| DROPPING +1 robe of cold resistance.
 29910 | Vaults:2 | 29910 ||| SHOPLISTING amulet "Futtixea" {RegenMP +Inv Int-4
                  | Slay+3} (1012 gold, have 143).
 29910 | Vaults:2 | 29910 ||| SHOPLISTING amulet of reflection (630 gold, have
                  | 143).
 29910 | Vaults:2 | 29910 ||| SHOPLISTING amulet of the acrobat (630 gold, have
                  | 143).
 29910 | Vaults:2 | 29910 ||| SHOPLISTING ring of Pixy {rC- Dex+5 Slay+4 SInv
                  | Stlth+} (2005 gold, have 143).
 30061 | Vaults:2 | 30061 ||| RETREATING.
 30072 | Vaults:2 | 30072 ||| Stepping ~*~*~tactically~*~*~ (retreating).
 30073 | Vaults:2 | 30073 ||| Stepping ~*~*~tactically~*~*~ (retreating).
 30074 | Vaults:2 | 30074 ||| Stepping ~*~*~tactically~*~*~ (retreating).
 30075 | Vaults:2 | 30075 ||| Stepping ~*~*~tactically~*~*~ (retreating).
 30080 | Vaults:2 | Identified the +1 sling of Purpose {flame, Will+ Str+4}
                  | (Okawaru gifted it to you on level 2 of the Vaults)
 30080 | Vaults:2 | Received a gift from Okawaru
 30096 | Vaults:2 | 30096 ||| INVOKING Heroism.
 30389 | Vaults:2 | 30389 ||| Stepping ~*~*~tactically~*~*~ (outnumbered).
 30395 | Vaults:2 | 30395 ||| RETREATING.
 30481 | Vaults:2 | 30481 ||| Stepping ~*~*~tactically~*~*~ (retreating).
 30501 | Vaults:2 | 30501 ||| INVOKING Heroism.
 30504 | Vaults:2 | HP: 27/137 [ironbound preserver/+2 morningstar of
                  | protection (32)]
 30505 | Vaults:2 | 30505 ||| READING 8 scrolls of teleportation.
 30506 | Vaults:2 | 30506 ||| DRINKING 4 potions of heal wounds.
 30744 | Vaults:2 | 30744 ||| RETREATING.
 30746 | Vaults:2 | 30746 ||| Stepping ~*~*~tactically~*~*~ (retreating).
 30747 | Vaults:2 | 30747 ||| Stepping ~*~*~tactically~*~*~ (retreating).
 30748 | Vaults:2 | 30748 ||| Stepping ~*~*~tactically~*~*~ (retreating).
 30751 | Vaults:2 | 30751 ||| Stepping ~*~*~tactically~*~*~ (retreating).
 30828 | Vaults:2 | Found Tuud's Distillery.
 30836 | Vaults:2 | 30836 ||| BUYING potion of curing (54 gold).
 30836 | Vaults:2 | Bought a potion of curing for 54 gold pieces
 30836 | Vaults:2 | 30836 ||| SHOPLISTING potion of haste (180 gold, have 89).
 30836 | Vaults:2 | 30836 ||| SHOPLISTING potion of heal wounds (90 gold, have
                  | 89).
 31024 | Vaults:2 | Found Ennuni's General Store.
 31048 | Vaults:2 | 31048 ||| BUYING potion of curing (51 gold).
 31048 | Vaults:2 | Bought a potion of curing for 51 gold pieces
 31069 | Vaults:2 | 31069 ||| SWAPPING to +2 heavy hand cannon.
 31070 | Vaults:2 | 31070 ||| DROPPING +1 longbow of the Spider {flame, rPois
                  | Str+2 Int+2}.
 31324 | Vaults:3 | Found Vesum's Assorted Antiques.
 31327 | Vaults:3 | 31327 ||| SHOPLISTING pair of runed boots (187 gold, have
                  | 149).
 31327 | Vaults:3 | 31327 ||| SHOPLISTING potion of mutation (200 gold, have
                  | 149).
 31327 | Vaults:3 | 31327 ||| BUYING scroll of teleportation (75 gold).
 31327 | Vaults:3 | Bought a scroll of teleportation for 75 gold pieces
 31370 | Vaults:3 | Upgraded the game from 0.31-a0-672-g7da72447bb to
                  | 0.31-a0-673-g566e9ce4a0
 31370 | Vaults:3 | 31370 ||| PLANNING SWAMP:1-3
 31370 | Vaults:3 | 31370 ||| Stepping ~*~*~tactically~*~*~ (outnumbered).
 31371 | Vaults:3 | 31371 ||| Stepping ~*~*~tactically~*~*~ (outnumbered).
 31745 | Swamp:3  | 31745 ||| PLANNING SNAKE:4
 31910 | Snake:4  | 31910 ||| PLANNING VAULTS:1-4
 32280 | Vaults:3 | 32280 ||| PLANNING SWAMP:1-3
 32586 | Swamp:3  | 32586 ||| PLANNING SNAKE:4
 32751 | Snake:4  | 32751 ||| PLANNING VAULTS:1-4
 33109 | Vaults:3 | 33109 ||| PLANNING SWAMP:1-3
 33411 | Swamp:3  | 33411 ||| PLANNING SNAKE:4
 33576 | Snake:4  | 33576 ||| PLANNING VAULTS:1-4
 33960 | Vaults:3 | 33960 ||| RETREATING.
 34127 | Vaults:3 | 34127 ||| INVOKING Heroism.
 34250 | Vaults:3 | 34250 ||| Stepping ~*~*~tactically~*~*~ (retreating).
 34252 | Vaults:3 | 34252 ||| Stepping ~*~*~tactically~*~*~ (retreating).
 34254 | Vaults:3 | 34254 ||| Stepping ~*~*~tactically~*~*~ (retreating).
 34256 | Vaults:3 | 34256 ||| Stepping ~*~*~tactically~*~*~ (retreating).
 34257 | Vaults:3 | 34257 ||| Stepping ~*~*~tactically~*~*~ (retreating).
 34258 | Vaults:3 | 34258 ||| Stepping ~*~*~tactically~*~*~ (retreating).
 34260 | Vaults:3 | 34260 ||| FLEEEEING.
 34261 | Vaults:3 | 34261 ||| FLEEEEING.
 34526 | Vaults:3 | Found a staircase to the Crypt.
 34526 | Vaults:3 | Found a basalt altar of Yredelemnul.
 34530 | Vaults:3 | Found an ancient bone altar of Kikubaaqudgha.
 34533 | Vaults:3 | 34533 ||| PLANNING VAULTS:1-4
 34554 | Vaults:3 | 34554 ||| INVOKING Heroism.
 34555 | Vaults:3 | 34555 ||| INVOKING Finesse.
 34605 | Vaults:3 | 34605 ||| INVOKING Finesse.
 34917 | Vaults:3 | 34917 ||| PLANNING VAULTS:1-4
 34939 | Vaults:3 | Noticed Margery
 34940 | Vaults:3 | 34940 ||| Stepping ~*~*~tactically~*~*~ (retreating).
 34941 | Vaults:3 | 34941 ||| Stepping ~*~*~tactically~*~*~ (retreating).
 34942 | Vaults:3 | 34942 ||| Stepping ~*~*~tactically~*~*~ (retreating).
 34943 | Vaults:3 | 34943 ||| Stepping ~*~*~tactically~*~*~ (retreating).
 34944 | Vaults:3 | 34944 ||| RETREATING.
 34953 | Vaults:3 | 34953 ||| Stepping ~*~*~tactically~*~*~ (retreating).
 34954 | Vaults:3 | 34954 ||| Stepping ~*~*~tactically~*~*~ (retreating).
 34955 | Vaults:3 | 34955 ||| Stepping ~*~*~tactically~*~*~ (retreating).
 34956 | Vaults:3 | 34956 ||| Stepping ~*~*~tactically~*~*~ (retreating).
 34959 | Vaults:3 | 34959 ||| Stepping ~*~*~tactically~*~*~ (retreating).
 34961 | Vaults:3 | 34961 ||| Stepping ~*~*~tactically~*~*~ (retreating).
 34962 | Vaults:3 | 34962 ||| Stepping ~*~*~tactically~*~*~ (retreating).
 34963 | Vaults:3 | 34963 ||| Stepping ~*~*~tactically~*~*~ (retreating).
 34964 | Vaults:3 | 34964 ||| Stepping ~*~*~tactically~*~*~ (retreating).
 34965 | Vaults:3 | 34965 ||| Stepping ~*~*~tactically~*~*~ (retreating).
 34966 | Vaults:3 | 34966 ||| Stepping ~*~*~tactically~*~*~ (retreating).
 34967 | Vaults:3 | 34967 ||| Stepping ~*~*~tactically~*~*~ (retreating).
 34968 | Vaults:3 | 34968 ||| Stepping ~*~*~tactically~*~*~ (retreating).
 34969 | Vaults:3 | 34969 ||| Stepping ~*~*~tactically~*~*~ (retreating).
 34970 | Vaults:3 | 34970 ||| Stepping ~*~*~tactically~*~*~ (retreating).
 34971 | Vaults:3 | 34971 ||| Stepping ~*~*~tactically~*~*~ (retreating).
 34972 | Vaults:3 | Upgraded the game from 0.31-a0-673-g566e9ce4a0 to
                  | 0.31-a0-675-g238779eb0a
 34972 | Vaults:3 | 34972 ||| PLANNING VAULTS:1-4
 34972 | Vaults:3 | 34972 ||| PLANNING VAULTS:1-4
 34972 | Vaults:3 | 34972 ||| Stepping ~*~*~tactically~*~*~ (retreating).
 34973 | Vaults:3 | 34973 ||| Stepping ~*~*~tactically~*~*~ (retreating).
 34974 | Vaults:3 | 34974 ||| Stepping ~*~*~tactically~*~*~ (retreating).
 34975 | Vaults:3 | 34975 ||| Stepping ~*~*~tactically~*~*~ (retreating).
 34976 | Vaults:3 | 34976 ||| Stepping ~*~*~tactically~*~*~ (retreating).
 34977 | Vaults:3 | 34977 ||| Stepping ~*~*~tactically~*~*~ (retreating).
 34978 | Vaults:3 | 34978 ||| Stepping ~*~*~tactically~*~*~ (retreating).
 34979 | Vaults:3 | 34979 ||| INVOKING Heroism.
 34983 | Vaults:3 | 34983 ||| Stepping ~*~*~tactically~*~*~ (outnumbered).
 34984 | Vaults:3 | HP: 29/137 [Margery/+3 glaive of flaming (8)]
 34985 | Vaults:3 | 34985 ||| READING 10 scrolls of teleportation.
 34986 | Vaults:3 | 34986 ||| DRINKING 3 potions of heal wounds.
 34987 | Vaults:3 | 34987 ||| DRINKING 2 potions of heal wounds.
 34989 | Vaults:3 | Reached skill level 21 in Ranged Weapons
 35236 | Vaults:3 | 35236 ||| RETREATING.
 35252 | Vaults:3 | Killed Margery
 35255 | Vaults:3 | 35255 ||| INVOKING Heroism.
 35260 | Vaults:3 | 35260 ||| Stepping ~*~*~tactically~*~*~ (retreating).
 35261 | Vaults:3 | 35261 ||| Stepping ~*~*~tactically~*~*~ (retreating).
 35262 | Vaults:3 | 35262 ||| Stepping ~*~*~tactically~*~*~ (retreating).
 35263 | Vaults:3 | 35263 ||| Stepping ~*~*~tactically~*~*~ (retreating).
 35264 | Vaults:3 | 35264 ||| Stepping ~*~*~tactically~*~*~ (retreating).
 35265 | Vaults:3 | 35265 ||| Stepping ~*~*~tactically~*~*~ (retreating).
 35266 | Vaults:3 | 35266 ||| Stepping ~*~*~tactically~*~*~ (retreating).
 35267 | Vaults:3 | 35267 ||| Stepping ~*~*~tactically~*~*~ (retreating).
 35268 | Vaults:3 | 35268 ||| Stepping ~*~*~tactically~*~*~ (retreating).
 35273 | Vaults:3 | 35273 ||| Stepping ~*~*~tactically~*~*~ (retreating).
 35280 | Vaults:3 | HP: 32/137 [stone giant (27)]
 35281 | Vaults:3 | 35281 ||| READING 9 scrolls of teleportation.
 35282 | Vaults:3 | 35282 ||| DRINKING potion of heal wounds.
 35543 | Vaults:3 | Reached XP level 20. HP: 144/144 MP: 27/27
 35684 | Vaults:3 | You are sucked into a shaft and drop 1 floor!
 35852 | Vaults:3 | Received a gift from Okawaru
 35856 | Vaults:3 | 35856 ||| DROPPING +7 longbow of flaming.
 35984 | Vaults:4 | 35984 ||| RETREATING.
 36063 | Vaults:4 | 36063 ||| FLEEEEING.
 36064 | Vaults:4 | 36064 ||| FLEEEEING.
 36065 | Vaults:4 | 36065 ||| FLEEEEING.
 36079 | Vaults:4 | 36079 ||| FLEEEEING.
 36080 | Vaults:4 | 36080 ||| FLEEEEING.
 36081 | Vaults:4 | 36081 ||| FLEEEEING.
 36082 | Vaults:4 | 36082 ||| FLEEEEING.
 36098 | Vaults:4 | 36098 ||| INVOKING Heroism.
 36144 | Vaults:4 | 36144 ||| FLEEEEING.
 36145 | Vaults:4 | 36145 ||| FLEEEEING.
 36202 | Vaults:4 | 36202 ||| FLEEEEING.
 36385 | Vaults:4 | 36385 ||| INVOKING Heroism.
 36517 | Vaults:4 | 36517 ||| INVOKING Heroism.
 36527 | Vaults:4 | Reached skill level 22 in Ranged Weapons
 36556 | Vaults:4 | 36556 ||| Stepping ~*~*~tactically~*~*~ (retreating).
 36557 | Vaults:4 | 36557 ||| Stepping ~*~*~tactically~*~*~ (retreating).
 36558 | Vaults:4 | 36558 ||| Stepping ~*~*~tactically~*~*~ (retreating).
 36559 | Vaults:4 | 36559 ||| Stepping ~*~*~tactically~*~*~ (retreating).
 36560 | Vaults:4 | 36560 ||| Stepping ~*~*~tactically~*~*~ (retreating).
 36561 | Vaults:4 | 36561 ||| Stepping ~*~*~tactically~*~*~ (retreating).
 36562 | Vaults:4 | 36562 ||| Stepping ~*~*~tactically~*~*~ (retreating).
 36563 | Vaults:4 | 36563 ||| Stepping ~*~*~tactically~*~*~ (retreating).
 37061 | Vaults:4 | 37061 ||| RETREATING.
 37065 | Vaults:4 | 37065 ||| RETREATING.
 37067 | Vaults:4 | 37067 ||| Stepping ~*~*~tactically~*~*~ (retreating).
 37165 | Vaults:4 | Found Xumm's Armour Shop.
 37174 | Vaults:4 | 37174 ||| BUYING +0 pair of boots of the Equator {Dex+4}
                  | (338 gold).
 37174 | Vaults:4 | Bought the +0 pair of boots of the Equator {Dex+4} for 338
                  | gold pieces
 37174 | Vaults:4 | 37174 ||| SHOPLISTING +1 helmet "Boimoesogh" {Rampage rCorr
                  | Str+3} (482 gold, have 199).
 37176 | Vaults:4 | 37176 ||| PLANNING SWAMP:4
 37176 | Vaults:4 | 37176 ||| UPGRADING to +0 pair of boots of the Equator
                  | {Dex+4}.
 37186 | Vaults:4 | 37186 ||| DROPPING +2 pair of boots.
 37564 | Swamp:4  | Entered Level 4 of the Swamp
 37587 | Swamp:4  | 37587 ||| Stepping ~*~*~tactically~*~*~ (retreating).
 37598 | Swamp:4  | 37598 ||| RETREATING.
 37599 | Swamp:4  | 37599 ||| Stepping ~*~*~tactically~*~*~ (retreating).
 37605 | Swamp:4  | 37605 ||| Stepping ~*~*~tactically~*~*~ (retreating).
 37606 | Swamp:4  | 37606 ||| Stepping ~*~*~tactically~*~*~ (retreating).
 37607 | Swamp:4  | 37607 ||| Stepping ~*~*~tactically~*~*~ (retreating).
 37608 | Swamp:4  | 37608 ||| Stepping ~*~*~tactically~*~*~ (retreating).
 37609 | Swamp:4  | 37609 ||| Stepping ~*~*~tactically~*~*~ (retreating).
 37610 | Swamp:4  | 37610 ||| Stepping ~*~*~tactically~*~*~ (retreating).
 37611 | Swamp:4  | 37611 ||| INVOKING Heroism.
 37612 | Swamp:4  | Identified the +7 triple crossbow of Uxogamok {antimagic,
                  | Int+3} (Okawaru gifted it to you on level 4 of the Swamp)
 37612 | Swamp:4  | Received a gift from Okawaru
 37614 | Swamp:4  | HP: 30/144 [swamp dragon (20)]
 37615 | Swamp:4  | 37615 ||| READING 9 scrolls of teleportation.
 37617 | Swamp:4  | HP: 10/144 [water nymph/the raging water (15)]
 37618 | Swamp:4  | 37618 ||| READING 8 scrolls of teleportation.
 37619 | Swamp:4  | 37619 ||| Stepping ~*~*~tactically~*~*~ (retreating).
 37620 | Swamp:4  | 37620 ||| Stepping ~*~*~tactically~*~*~ (retreating).
 37622 | Swamp:4  | HP: 1/144 [six-headed hydra (8)]
 37623 | Swamp:4  | 37623 ||| READING 7 scrolls of teleportation.
 37624 | Swamp:4  | Slain by an eight-headed hydra

Levels and vault maps discovered:
D:1:      minmay_arrival_plants_in_alcoves, layout_basic, serial_shops, shop
D:2:      layout_basic, uniq_jessica
D:3:      layout_loops_cross, nicolae_overflow_hidden_temple,
          mainiacjoe_overflow_24_doors, serial_shops, shop,
          shapermc_ecumenical_altar_starsandcircs, grunt_ministairs_6
D:4:      layout_loops_corners, kennysheep_little_box, trog_book,
          portal_sewer_entry_a, minmay_fractal_squares_5, uniq_natasha
D:5:      layout_cave_pods, serial_shops, shop, shop, shop,
          grunt_decor_mini_mirrors, nicolae_shop_i_like_small_books_too,
          uniq_grinder
D:6:      layout_basic
D:7:      layout_loops_ring, mainiacjoe_overflow_six_doors_small, temple_green,
          chequers_serial_rivers_micro_e, uniq_joseph
D:8:      layout_rooms, dpeg_lair_monsters
D:9:      layout_gridville
D:10:     layout_cave_pools, grunt_temple_overflow_order_and_chaos_2,
          kennysheep_mini_moat, ashenzari_conservatory_becter,
          chequers_temple_overflow_statue_of_worship,
          amethyst_overflow_temple_binary, kennysheep_small_square, uniq_urug,
          uniq_fannar
D:11:     layout_basic, hiddenorc1_lemuel
D:12:     layout_roguey, gauntlet_entry_generic, serial_shops, shop
D:13:     layout_basic, erik_vaults_1, enter_trove_2
D:14:     layout_small_grid, hangedman_abyss_or_decor_lesser_grid, uniq_agnes,
          uniq_azrael, uniq_roxanne
D:15:     hangedman_depths_entry_civil_slaughter, layout_cave_pools,
          minmay_misc_feat_tower, uniq_jorgrun, uniq_josephine, uniq_rupert
Temple:   nicolae_temple_great_sept
Lair:1:   layout_cave_pods, ebering_ghost_xom, serial_bayou_crossing
Lair:2:   gammafunk_lair_enchanted_lake, layout_regular_city, swamp_mist,
          minmay_snake_entry_guardpost_small, lemuel_fruit_fields, uniq_amaemon
Lair:3:   nzn_motion_control, layout_small_grid
Lair:4:   layout_cave_pods, nicolae_slime_entry_field_trip, grunt_megastairs_4,
          uniq_sonja
Lair:5:   guppyfry_lair_end_dragon, layout_small_grid, nicolae_lair_lil_pond,
          grunt_megastairs_5
Swamp:1:  layout_falls_marsh, hangedman_swamp_cone, swamp_pool3
Swamp:2:  layout_basic_swamp, nicolae_swamp_godswood
Swamp:3:  layout_falls_marsh, ebering_ghost_xom, evilmike_swamp_ruin_house_6,
          swamp_pool1, infiniplex_staircase_pool
Swamp:4:  swamp_alternative, layout_basic_swamp, swamp_pool1,
          nicolae_swamp_nymph_family_reunion
Snake:1:  gammafunk_sealed_arena, layout_misc_corridors, basic_altar,
          uniq_aizul, uniq_asterion
Snake:2:  layout_gridlike, gammafunk_ghost_necromancy, uniq_louise, uniq_kirke
Snake:3:  layout_concentric_octagons, ebering_ghost_xom, minmay_shoptagon
Snake:4:  grunt_snake_rune_serpentine_throne, layout_misc_corridors,
          lemuel_fruit_tree, uniq_donald
Orc:1:    layout_diamond_mine, serial_shops, nicolae_shop_hallway_stairs,
          minmay_orc_barracks
Orc:2:    st_orc_ogre_mass, layout_caves, serial_shops, shop
Vaults:1: nicolae_vaults_shipping_containers_5, ontoclasm_vaults_eye,
          ontoclasm_vaults_ligature, nicolae_vaults_frosty_reception, v_misc_32,
          nicolae_vaults_six-pack, nicolae_vaults_tangram_1, v_misc_8,
          nicolae_vaults_storage_closets_3, nicolae_vaults_storage_room_doors,
          nicolae_vaults_asterisk, layout_vaults_omnigrid, serial_shops,
          shop_fountains, shop, shop
Vaults:2: nicolae_vaults_trapezoid_3, hangedman_vaults_stretched_pinwheel,
          nicolae_vaults_turnstiles, hangedman_vaults_snaps, vaults_room_fours,
          nicolae_vaults_storage_closets_2, v_misc_2, v_rooms_6,
          ontoclasm_vaults_decontamination, v_misc_24, vaults_mumra_chevron,
          nicolae_vaults_house_2, v_misc_23, nicolae_vaults_little_squares_3,
          layout_vaults_omnibox, serial_shops, nicolae_shop_tiny_statue_garden,
          shop, nicolae_shop_competitors_out_of_business, shop,
          nicolae_shop_crystal
Vaults:3: nicolae_vaults_mitosis, v_misc_10, v_misc_10,
          nicolae_vaults_good_morning_starshine, minmay_crypt_entry_necro_gods,
          nicolae_vaults_sealed_display, nicolae_vaults_apartment_2,
          nicolae_vaults_little_squares_6, v_alt_pattern_5,
          layout_vaults_big_cross, serial_shops, shop, uniq_margery
Vaults:4: v_pattern_1, hangedman_vaults_capsules, hangedman_vaults_slither,
          v_misc_29, nicolae_vaults_stepped_doors, v_misc_23, v_misc_31,
          nicolae_vaults_little_squares_3, vaults_room_grid,
          nicolae_vaults_diamond_2, layout_vaults_maze_snakey, serial_shops,
          nicolae_shop_window_shopping

Skill      XL: |  1  2  3  4  5  6  7  8  9 10 11 12 13 14 15 16 17 18 19 20 |
---------------+-------------------------------------------------------------+-----
Ranged Weapons | 5 6 8 9 11 13 14 15 16 17 20 21 22 | 22.0
Fighting       | 3 4 6 7 8 10 13 15 17 18 20 21 | 21.2
Armour         | 1 3 4 7 8 9 11 12 13 | 13.0
Dodging        | 2 3 4 5 6 7 9 10 12 13 14 | 14.2
Invocations    | 4 9 10 | 10.0
Stealth        | |  1.1

Action                     |  1- 3 |  4- 6 |  7- 9 | 10-12 | 13-15 | 16-18 | 19-21 || total
---------------------------+-------+-------+-------+-------+-------+-------+-------++-------
   Fire: Shortbow          |    76 |   131 |       |       |       |       |       ||   207
         Longbow           |       |    30 |   139 |       |   168 |  1415 |   315 ||  2067
         Orcbow            |       |       |    16 |   377 |   998 |       |       ||  1391
         Hand cannon       |       |       |       |       |       |       |   330 ||   330
 Invoke: Heroism           |       |       |       |    20 |    38 |    34 |    13 ||   105
         Finesse           |       |       |       |     1 |    10 |     2 |     3 ||    16
    Use: Scroll            |     2 |     8 |    20 |     5 |     7 |     4 |     8 ||    54
         Potion            |     1 |     1 |     1 |     1 |     3 |     2 |     5 ||    14
 Armour: Leather armour    |    12 |    82 |    12 |       |       |       |       ||   106
         Ring mail         |       |       |    26 |    12 |   412 |   324 |   281 ||  1055
         Robe              |       |       |     3 |    57 |       |       |       ||    60
  Dodge: Dodged            |    12 |    68 |    39 |    68 |   719 |   629 |   568 ||  2103

Table legend:
 A = Non-vault XP
 B = Vault XP
 C = Vault XP percentage of total XP
 D = Non-vault monster count
 E = Vault monster count
 F = Vault count percentage of total count
                 A         B        C        D         E       F
            +---------+---------+-------+---------+---------+-------
      Total |  254335 |  184343 |  42.0 |     830 |     360 |  30.3
            +---------+---------+-------+---------+---------+-------
        D:1 |      63 |       0 |   0.0 |      32 |       0 |   0.0
        D:2 |      75 |      37 |  33.0 |      15 |       1 |   6.2
        D:3 |      38 |      16 |  29.6 |      19 |       2 |   9.5
        D:4 |     310 |     125 |  28.7 |      20 |       8 |  28.6
        D:5 |     309 |     286 |  48.1 |      13 |       1 |   7.1
        D:6 |     637 |       0 |   0.0 |      10 |       0 |   0.0
        D:7 |    1607 |     445 |  21.7 |      30 |       1 |   3.2
        D:8 |    1392 |    2451 |  63.8 |      24 |      11 |  31.4
        D:9 |    2228 |       0 |   0.0 |      23 |       0 |   0.0
       D:10 |    3877 |    1682 |  30.3 |      26 |       2 |   7.1
       D:11 |    3678 |     211 |   5.4 |      15 |      17 |  53.1
       D:12 |    7268 |       0 |   0.0 |      30 |       0 |   0.0
       D:13 |    4065 |    1654 |  28.9 |      15 |       2 |  11.8
       D:14 |    7905 |    4749 |  37.5 |      14 |       8 |  36.4
       D:15 |    8283 |    9480 |  53.4 |      17 |      13 |  43.3
     Lair:1 |    4974 |       0 |   0.0 |      20 |       0 |   0.0
     Lair:2 |    2155 |    3962 |  64.8 |       9 |      10 |  52.6
     Lair:3 |    7110 |    2652 |  27.2 |      21 |       4 |  16.0
     Lair:4 |    7039 |    2494 |  26.2 |      31 |      10 |  24.4
     Lair:5 |   12181 |    6468 |  34.7 |      45 |      25 |  35.7
    Swamp:1 |   11362 |       0 |   0.0 |      18 |       0 |   0.0
    Swamp:2 |   11380 |       0 |   0.0 |      24 |       0 |   0.0
    Swamp:3 |   14007 |       0 |   0.0 |      28 |       0 |   0.0
    Swamp:4 |    2708 |    4111 |  60.3 |       4 |       8 |  66.7
    Snake:1 |    6707 |     718 |   9.7 |      15 |       1 |   6.2
    Snake:2 |   12458 |    2155 |  14.7 |      27 |       5 |  15.6
    Snake:3 |   13606 |       0 |   0.0 |      31 |       0 |   0.0
    Snake:4 |   44459 |   33314 |  42.8 |      84 |      41 |  32.8
      Orc:1 |    5811 |    1566 |  21.2 |      54 |      18 |  25.0
      Orc:2 |    1890 |   15533 |  89.2 |      22 |      41 |  65.1
   Vaults:1 |   10637 |   20653 |  66.0 |      20 |      24 |  54.5
   Vaults:2 |   18883 |   12012 |  38.9 |      34 |      20 |  37.0
   Vaults:3 |   16313 |   30082 |  64.8 |      27 |      37 |  57.8
   Vaults:4 |    8920 |   21579 |  70.8 |      13 |      24 |  64.9
      Sewer |       0 |     138 | 100.0 |       0 |       8 | 100.0
   Gauntlet |       0 |    5770 | 100.0 |       0 |      18 | 100.0
            +---------+---------+-------+---------+---------+-------
